 Dungeon Crawl Stone Soup version 0.17-a0-1646-geb1493d (webtiles) character file.

11692146 Kidiri the Skullcrusher (level 27, 273/273 HPs)
             Began as a Minotaur Fighter on Aug 8, 2015.
             Was the Champion of the Shining One.
             Escaped with the Orb
             ... and 15 runes on Aug 9, 2015!
             The game lasted 19:05:21 (141882 turns).

Kidiri the Skullcrusher (Minotaur Fighter)        Turns: 141882, Time: 19:05:22

Health: 273/273    AC: 43    Str: 41    XL:     27
Magic:  50/50      EV: 39    Int: 16    God:    the Shining One [******]
Gold:   16828      SH: 39    Dex: 30    Spells: 14 memorised, 4 levels left

rFire  + + +     SeeInvis .     h - +9 sacred scourge (holy)
rCold  x . .     Rnd*Rage +     E - +9 plate armour of Dofreo {+Fly rF+++ Int+4 Stlth-}
rNeg   + + +     SustAt   .     g - +8 large shield {reflect}
rPois  .         Gourm    .     J - +2 hat
rElec  .         Spirit   .     Q - +4 cloak "Ciomeh" {Dex+2 Stlth+}
rCorr  .         Warding  .     s - +2 pair of fencer's gloves {LBl+4 SBl+4 EV+3 Dex+6}
rMut   .         Stasis   .     (no boots)
MR     +....                    K - amulet of the Ego {+Blink MR- Regen+ Str+2 Dex+4}
Stlth  ..........               B - ring "Lieciapi" {MP+9 Int+3 Dex+6}
                                u - ring "Xyghun" {Fire Str+7 Int+4}

@: glowing, somewhat resistant to hostile enchantments, extremely unstealthy
A: retaliatory headbutt, horns 2, berserk 2, blurry vision 1
a: Divine Shield, Cleansing Flame, Summon Divine Warrior, Renounce Religion,
Evoke Blink, Evoke Flight
0: Orb of Zot
}: 15/15 runes: serpentine, barnacled, slimy, silver, golden, iron, obsidian,
icy, bone, abyssal, demonic, glowing, magical, fiery, dark


You escaped.
You worshipped the Shining One.
The Shining One was exalted by your worship.
You were not hungry.

You visited 18 branches of the dungeon, and saw 95 of its levels.
You visited Pandemonium 2 times, and saw 33 of its levels.
You visited the Abyss 8 times.
You visited 1 bazaar.
You also visited: Labyrinth, Trove, Ossuary, Ice Cave and Volcano.

You collected 20139 gold pieces.
You spent 3311 gold pieces at shops.

Inventory:

Hand weapons
 h - a +9 sacred scourge of holy wrath (weapon)
 G - a +8 war axe of protection
Armour
 g - a +8 large shield of reflection (worn)
 s - the +2 pair of fencer's gloves (worn) {LBl+4 SBl+4 EV+3 Dex+6}
   (You bought it in a shop on level 12 of the Dungeon)

   It affects your evasion (+3).
   It affects your dexterity (+6).
 E - the +9 plate armour of Dofreo (worn) {+Fly rF+++ Int+4 Stlth-}
   (You found it on level 1 of the Abyss)

   It affects your intelligence (+4).
   It renders you almost immune to fire.
   It lets you fly.
   It makes you less stealthy.
 J - a +2 hat (worn)
 Q - the +4 cloak "Ciomeh" (worn) {Dex+2 Stlth+}
   (You found it in Pandemonium)

   It affects your dexterity (+2).
   It makes you more stealthy.
Jewellery
 u - the ring "Xyghun" (left hand) {Fire Str+7 Int+4}
   (You found it on level 7 of Cocytus)

   [ring of fire]

   It enhances your fire magic, and weakens your ice magic.
   It affects your strength (+7).
   It affects your intelligence (+4).
   It protects you from fire.
   It makes you vulnerable to cold.
 B - the ring "Lieciapi" (right hand) {MP+9 Int+3 Dex+6}
   (You found it on level 7 of the Dungeon)

   [ring of magical power]

   It affects your intelligence (+3).
   It affects your dexterity (+6).
   It affects your magic capacity (+9).
 K - the amulet of the Ego (around neck) {+Blink MR- Regen+ Str+2 Dex+4}
   (You acquired it on level 2 of the Elven Halls)

   [amulet of regeneration]

   It affects your strength (+2).
   It affects your dexterity (+4).
   It affects your resistance to hostile enchantments.
   It lets you blink.
   It increases your rate of regeneration.
Magical devices
 a - a wand of flame (20)
 m - a wand of polymorph (23)
 n - a wand of frost (16)
 v - a wand of confusion (17)
 y - a wand of paralysis (17)
 z - a wand of disintegration (13)
 A - a wand of paralysis (10)
 I - a wand of slowing (17)
 M - a wand of fireball (7)
 O - a wand of fireball (7)
 P - a wand of teleportation (9)
 R - a wand of enslavement (13)
 T - a wand of heal wounds (9)
 U - a wand of magic darts (18)
 V - a wand of slowing (23)
 W - a wand of disintegration (6)
 X - a wand of teleportation (9)
 Z - a wand of paralysis (10)
Scrolls
 c - 3 scrolls of summoning
 f - 23 scrolls of teleportation
 i - 40 scrolls of remove curse
 k - 10 scrolls of blinking
 o - 5 scrolls of amnesia
 q - 29 scrolls of identify
 w - 5 scrolls of holy word
 x - 3 scrolls of silence
 F - a scroll of magic mapping
 H - 16 scrolls of fear
 N - 9 scrolls of fog
Potions
 d - 10 potions of might
 j - 6 potions of cancellation
 l - 8 potions of resistance
 p - 18 potions of agility
 r - 6 potions of curing
 C - 2 potions of magic
 D - a potion of cure mutation
 L - 11 potions of flight
Comestibles
 b - 6 meat rations
 e - 23 bread rations


   Skills:
 O Level 27 Fighting
 - Level 23.0(27) Axes
 O Level 27 Maces & Flails
 - Level 4.0 Throwing
 O Level 27 Armour
 O Level 27 Dodging
 O Level 27 Shields
 * Level 15.2 Spellcasting
 + Level 4.8 Conjurations
 + Level 10.1 Hexes
 + Level 11.3 Summonings
 + Level 11.1 Translocations
 * Level 4.0 Transmutations
 + Level 3.8 Fire Magic
 + Level 2.3 Ice Magic
 + Level 4.9 Air Magic
 * Level 5.9 Earth Magic
 O Level 27 Invocations
 O Level 27 Evocations


You had 4 spell levels left.
You knew the following spells:

 Your Spells              Type           Power        Failure   Level  Hunger
a - Apportation           Tloc           #####.....   1%          1    None
b - Summon Butterflies    Summ           #####...     1%          1    None
c - Tukima's Dance        Hex            #####...     1%          3    None
d - Static Discharge      Conj/Air       ####....     6%          3    None
e - Lightning Bolt        Conj/Air       ####......   45%         5    ####...
f - Fireball              Conj/Fire      #####.....   58%         5    ####...
g - Shatter               Erth           ####......   100%        9    #######
h - Tornado               Air            ####......   100%        9    #######
i - Throw Frost           Conj/Ice       ##....       4%          2    None
j - Freeze                Ice            #...         4%          1    None
k - Passwall              Trmt/Erth      ####......   6%          3    None
l - Metabolic Englaciati  Hex/Ice        ###.......   24%         5    ####...
m - Beastly Appendage     Trmt           ####..       2%          1    None
n - Ice Form              Ice/Trmt       ##......     38%         4    #......


Dungeon Overview and Level Annotations

Branches:
Dungeon (15/15)            Temple (1/1) D:6            Lair (8/8) D:10
 Shoals (4/4) Lair:5        Snake (4/4) Lair:3        Slime (6/6) Lair:6
    Orc (4/4) D:12            Elf (3/3) Orc:3        Vaults (5/5) D:13
  Crypt (3/3) Vaults:2       Tomb (3/3) Crypt:3      Depths (5/5) D:15
   Hell (1/1)                 Dis (7/7) Hell            Geh (7/7) Hell
    Coc (7/7) Hell            Tar (7/7) Hell            Zot (5/5) Depths:5

Altars:
Ashenzari
Cheibriados
Dithmenos
Elyvilon
Fedhas
Gozag
Kikubaaqudgha
Makhleb
Nemelex Xobeh
Okawaru
Qazlal
Ru
Sif Muna
Trog
Vehumet
Xom
Yredelemnul
Zin
The Shining One
Beogh

Shops:
D:11 [   D:12 [   D:13 (*   Orc:1 ((}   Orc:3 !   Orc:4 [}(?   Elf:1 [*[
Elf:2 }   Elf:3 *   Shoals:1 }   Snake:1 :   Vaults:1 }   Depths:2 *
Depths:5 %

Portals:
Hell: Depths:1 Depths:2 Depths:3 Depths:4 Depths:5
Abyss: Depths:3 Depths:4
Pandemonium: Depths:3 Depths:4 Depths:5
Ziggurat: Depths:1

Annotations:
D:11 exclusion: obsidian statue


Innate Abilities, Weirdness & Mutations

You reflexively headbutt those who attack you in melee.
You have a pair of horns on your head.
You often lose your temper in combat.
Scrolls take you a little longer to read.


Message History

The lich completely misses you. You furiously retaliate!
You headbutt the lich. You thrash the lich!!
The lich convulses!!
The lich is heavily damaged.
You thrash the lich!!
The lich convulses.
The lich is almost destroyed.
You block the green death's attack. You block the lich's attack.
You barely miss the lich.
You headbutt the lich, but do no damage.
The lich is almost destroyed.
You whack the lich!
The lich convulses!
You destroy the lich!
The Shining One accepts your kill.
Your Transmutations skill increases to level 4!
You feel your intelligence returning.
The green death disappears in a puff of smoke!
The Brimstone Fiend disappears in a puff of smoke!
You see here a +0 ring mail.
There is an open door here.
There is a staircase leading out of the dungeon here.
You have escaped!

....# #.##..♣♣P>P♣♣..# #.#...
.##.# #.###..♣♣.♣♣..#######.#...
.##.# #.# ♣.........♣#..........
.##.# #.# ♣.♣.≈≈≈.♣.♣#..###.#...
..#.####.##♣..≈≈8≈≈..♣##.# #.#...
....##....#♣.♣.≈≈≈.♣)♣##.###.#..#
..#.......#♣.........♣#....#.#..#
.#####.#.###..♣♣.♣♣..###.#.#.#..#
.# #.#[##..♣♣P@P♣♣..#.)........
## #.#.###..#####..##.......... #
#.#..'...≈≈≈≈≈...'..#####.##
#.################.#.####.#
#.###.#.# #.###.....# #.##....#
##.#.###### #.......# ##.##
#######.###.# ### #...>...# #.#


There were no monsters in sight!

Vanquished Creatures
  Cerebov (Pan)
  Antaeus (Coc:7)
  Asmodeus (Geh:7)
  the royal jelly (Slime:6)
  Ereshkigal (Tar:7)
  Gloorx Vloq (Pan)
  A seraph (Pan)
  Mnoleg (Pan)
  4 ancient liches
  3 orbs of fire
  Mara (Vaults:4)
  Mennas (Tomb:1)
  35 greater mummies
  Boris (Tomb:2)
  21 shard shrikes
  Frederick (Vaults:2)
  Margery (Depths:4)
  Vashnia (Snake:2)
  4 curse toes
  A Killer Klown (Zot:5)
  A caustic shrike (Depths:2)
  Geryon (Hell)
  Nikola (Shoals:3)
  14 golden dragons
  4 profane servitors
  Xtahua (Vaults:3)
  22 bone dragons
  26 Brimstone Fiends
  5 electric golems
  A pearl dragon (Pan)
  12 pandemonium lords
  Jorgrun (Shoals:4)
  3 hellephants
  10 Hell Sentinels
  Rupert (Lair:5)
  24 Orb Guardians
  18 tentacled monstrosities
  35 Ice Fiends
  10 deep elf blademasters
  20 liches
  20 titans
  4 deep elf master archers
  37 Shadow Fiends
  7 quicksilver dragons
  36 Executioners
  21 acid blobs
  Gastronok (Lair:1)
  6 eldritch tentacles
  24 tentacled starspawn
  3 krakens
  The ghost of Noname the Carver, a mighty HuFE of Yredelemnul (Snake:4)
  10 sphinxes
  Agnes (D:14)
  Frances (D:13)
  13 ancient champions
  18 storm dragons
  16 shadow dragons
  Kirke (Shoals:4)
  13 tengu reavers
  8 revenants
  Roxanne (D:14)
  14 draconian monks
  Ilsuiw (Shoals:4)
  Wiglaf (Vaults:3)
  16 daevas
  16 azure jellies
  10 draconian knights
  18 vault wardens
  4 iron dragons (Dis:7)
  19 fire giants
  9 deep elf sorcerers
  7 ghost moths
  35 frost giants
  4 greater nagas (Snake:4)
  32 cacodemons
  4 orc warlords
  Aizul (Shoals:4)
  Louise (D:14)
  8 draconian scorchers
  41 balrugs
  6 curse skulls
  8 draconian shifters
  11 ghouls
  6 draconian annihilators
  9 warmongers (Pan)
  2 draconian zealots
  21 ironheart preservers
  19 angels
  30 stone giants
  A spriggan defender (Depths:4)
  67 reapers
  3 draconian callers
  23 apis (Pan)
  36 very ugly things
  7 elemental wellsprings
  20 green draconians
  13 ophanim
  19 war gargoyles
  4 blood saints (Pan)
  14 vampire knights
  11 salamander firebrands
  Nessos (Orc:4)
  8 corrupters (Pan)
  5 bennus (Tomb:2)
  7 deep elf demonologists
  8 mottled draconians
  18 purple draconians
  20 deep elf annihilators
  17 black draconians
  11 chaos champions (Pan)
  6 salamander stormcallers
  21 white draconians
  A dire elephant (Abyss:1)
  15 eidola
  10 lorocyprocas
  6 black suns (Pan)
  23 yellow draconians
  The ghost of HEYYEYAAE the Cleaver, a powerful DDCK of Xom (Orc:4)
  25 red draconians
  7 merfolk javelineers
  7 deep elf death magi
  23 mummy priests
  13 ettins
  46 blizzard demons
  6 merfolk impalers
  3 crystal guardians (Abyss:4)
  13 death oozes
  A minotaur (Lab)
  37 vault guards
  27 green deaths
  14 quicksilver dragon zombies
  Josephine (Orc:3)
  10 rakshasas
  10 jiangshi
  5 kraken zombies
  12 death cobs
  3 great orbs of eyes (shapeshifter) (Abyss:4)
  15 fire dragons
  Fannar (D:12)
  51 ice dragons
  11 deep elf high priests
  3 quicksilver dragon skeletons
  9 entropy weavers
  10 hydras
  10 hell beasts
  18 great orbs of eyes
  18 naga warriors
  2 spriggan air magi
  15 yaktaur captains
  4 death knights
  13 monstrous demonspawn (Pan)
  A ghost crab (Tar:2)
  A merfolk avatar (Shoals:1)
  4 catoblepae
  An alligator snapping turtle (Shoals:4)
  17 anacondas
  3 merfolk aquamancers (Shoals:4)
  9 deep troll shamans
  11 centaur warriors
  24 dancing weapons
  5 spriggan berserkers
  3 satyrs
  18 death yaks
  9 tengu warriors
  9 vampire magi
  A shock serpent (shapeshifter) (Depths:5)
  10 deep troll earth magi
  8 shock serpents
  15 titan zombies
  19 naga sharpshooters
  5 hell hogs
  27 thrashing horrors
  44 soul eaters
  4 orc high priests
  Urug (Volcano)
  18 ogre magi
  Sonja (D:14)
  5 iron golems
  68 sun demons
  3 fire crabs
  16 storm dragon zombies
  22 wretched stars
  71 hell knights
  5 titan skeletons
  7 salamander mystics
  54 ice devils
  An unseen horror (shapeshifter) (Vaults:2)
  18 anaconda zombies
  5 giant orange brains
  2 iron trolls (Depths:5)
  5 storm dragon skeletons
  24 shadow wraiths
  14 sea snakes
  39 deep elf knights
  A ghost moth zombie (Geh:4)
  159 skeletal warriors
  33 deep trolls
  49 small abominations
  4 spatial maelstroms
  62 death scarabs
  8 golden dragon zombies
  11 cherubim (Pan)
  19 shadow demons
  16 deep elf summoners
  3 kraken simulacra (Coc:7)
  11 flayed ghosts
  88 starcursed masses
  11 unseen horrors
  9 ice statues
  21 gelid demonspawn
  14 ironbrand convokers
  9 putrid demonspawn (Pan)
  20 orc knights
  3 oklob plants (Lair:6)
  16 mana vipers
  10 shadow dragon zombies
  12 naga ritualists
  6 anaconda skeletons
  13 hill giants
  15 harpies
  13 infernal demonspawn (Pan)
  29 necromancers
  23 deep elf conjurers
  An orb spider (Abyss:4)
  5 wizards
  A hornet (shapeshifter) (Depths:3)
  2 hornets
  4 golden dragon skeletons
  35 phantasmal warriors
  7 wolf spider zombies
  13 wolf spiders
  A hill giant (shapeshifter) (Depths:5)
  9 iron dragon zombies
  An anubis guard (shapeshifter) (Vaults:5)
  18 griffons
  6 lindwurms
  50 ugly things
  31 anubis guards
  9 frost giant zombies
  8 shadow dragon skeletons
  15 torturous demonspawn (Pan)
  9 fire giant zombies
  12 manticores
  12 orc sorcerers
  7 water nymphs
  6 fauns
  18 moths of wrath
  25 salamanders
  13 stone giant zombies
  A black mamba (shapeshifter) (Depths:3)
  148 slime creatures
  A salamander (shapeshifter) (Abyss:4)
  10 shining eyes
  A guardian serpent (shapeshifter) (Depths:4)
  13 vault sentinels
  15 elephants
  19 cyclopes
  6 iron dragon skeletons
  11 dire elephant zombies
  10 stone giant skeletons
  4 sirens
  11 molten gargoyles
  61 rust devils
  10 frost giant skeletons
  33 naga magi
  8 apocalypse crabs
  3 worldbinders (Abyss:1)
  13 efreet
  38 sixfirhies
  Joseph (D:9)
  5 eyes of devastation
  3 shock serpent zombies
  8 fire giant skeletons
  An octopode (shapeshifter) (Abyss:1)
  11 guardian serpents
  2 gargoyles
  A komodo dragon (shapeshifter) (Abyss:1)
  An orange crystal statue (Elf:3)
  9 dire elephant skeletons
  53 orange demons
  3 titan simulacra (Coc:7)
  35 yaktaurs
  5 emperor scorpion zombies
  6 storm dragon simulacra
  50 tormentors
  A catoblepas zombie (Dis:7)
  43 black mambas
  A fire drake (shapeshifter) (Abyss:3)
  5 komodo dragons
  14 spiny frogs
  A white draconian zombie (Crypt:3)
  A green draconian zombie (Crypt:3)
  5 kobold demonologists
  58 smoke demons
  14 ancient zymes
  43 hellions
  A minotaur zombie (Geh:7)
  6 anaconda simulacra (Coc:7)
  2 yaktaurs (shapeshifter)
  An iron troll zombie (Crypt:1)
  78 red devils
  11 tengu conjurers
  9 jumping spiders
  8 demonic crawlers
  A ghost moth simulacrum (Coc:3)
  35 hydra zombies
  56 freezing wraiths
  2 white draconian skeletons
  47 guardian mummies
  A catoblepas skeleton (Crypt:1)
  4 trolls
  32 deep elf priests
  5 silent spectres
  8 harpy zombies
  3 polar bears
  2 fire drakes
  32 merfolk
  56 raiju
  24 two-headed ogres
  53 hellwings
  A queen bee (shapeshifter) (Elf:1)
  A wind drake (shapeshifter) (Depths:4)
  61 blue devils
  2 two-headed ogres (shapeshifter)
  A blink frog (shapeshifter) (Vaults:1)
  8 snapping turtles
  4 harpy skeletons
  4 wind drakes
  9 ettin zombies
  13 blink frogs
  14 hydra skeletons
  9 fire dragon zombies
  18 alligator zombies
  11 ice dragon zombies
  14 ushabtiu
  7 bog bodies (Coc:7)
  2 boulder beetles
  2 iron dragon simulacra
  151 flying skulls
  A frost giant simulacrum (Coc:7)
  A spriggan (shapeshifter) (Depths:3)
  A stone giant simulacrum (Crypt:1)
  6 wyverns
  14 redbacks
  2 trapdoor spiders
  3 air elementals
  8 fire dragon skeletons
  4 black mamba zombies
  89 large abominations
  46 shadows
  8 fire bats
  8 ice dragon skeletons
  47 ynoxinuls
  3 basilisks
  3 spriggans
  4 tarantellas
  8 ettin skeletons
  10 alligator skeletons
  A redback (shapeshifter) (Vaults:5)
  32 deep elf magi
  42 neqoxecs
  19 vampires
  16 humans (D:13)
  A yak (shapeshifter) (Depths:2)
  3 black mamba skeletons
  22 golden eyes
  60 yaks
  38 deep elf fighters
  21 chaos spawn
  18 water elementals
  A hippogriff (shapeshifter) (Abyss:1)
  18 fire elementals
  4 hogs (Shoals:4)
  58 wraiths
  10 hungry ghosts
  A human simulacrum (Vaults:3)
  3 wargs
  8 hippogriffs
  14 spatial vortices
  3 mottled dragons
  31 vampire mosquitoes
  21 spiny frog zombies
  An insubstantial wisp (Abyss:4)
  17 wolves
  93 hell hounds
  60 nagas
  10 hydra simulacra
  3 swamp drakes (Depths:5)
  A soldier ant (D:14)
  5 sky beasts
  3 spiders (Crypt:3)
  A water nymph skeleton (Crypt:2)
  8 porcupines
  A sky beast (shapeshifter) (Depths:3)
  12 water moccasins
  39 ice beasts
  2 alligator simulacra
  A merfolk skeleton (Coc:7)
  53 orc warriors
  7 spiny frog skeletons
  3 ettin simulacra
  61 ogres
  9 snapping turtle zombies
  10 phantoms
  9 boggarts
  2 manticore zombies
  4 swamp dragon zombies
  2 black bears
  A black mamba simulacrum (Coc:3)
  12 eyes of draining
  8 snapping turtle skeletons
  A boggart (shapeshifter) (Vaults:5)
  32 necrophages
  4 wasps
  29 centaurs
  3 manticore skeletons
  4 swamp dragon skeletons
  2 brain worms
  A hog skeleton (Crypt:2)
  24 giant frogs
  2 elf zombies
  A fire crab zombie (Crypt:2)
  A brain worm (shapeshifter) (Vaults:5)
  16 crocodiles
  An elf skeleton (Abyss:1)
  A merfolk simulacrum (Abyss:4)
  A spiny frog simulacrum (Hell)
  A water moccasin zombie (Crypt:2)
  4 big kobolds
  A salamander skeleton (Crypt:1)
  9 wyvern skeletons (Crypt:3)
  An earth elemental (Lab)
  A troll zombie (Coc:6)
  41 jellies
  A water moccasin skeleton (D:6)
  19 killer bees
  A manticore simulacrum (Coc:1)
  14 scorpions
  98 wights
  A lava snake (Volcano)
  9 quasits
  An electric eel (Lair:4)
  6 hounds
  21 crimson imps
  8 centaur zombies
  2 giant frog zombies
  7 centaur skeletons
  21 orc priests
  A wolf skeleton (Crypt:1)
  8 human zombies
  A gnoll shaman (D:9)
  56 iron imps
  40 orc wizards
  A demonspawn skeleton (Crypt:1)
  15 iguanas
  5 human skeletons
  12 worker ants
  14 hell rats
  2 big kobold zombies (Ossuary)
  3 ogre zombies
  38 sheep
  2 tengu zombies
  A naga zombie (Dis:2)
  A sky beast zombie (Crypt:1)
  A demigod zombie (Crypt:2)
  A hound zombie (D:6)
  A naga skeleton (Geh:2)
  2 ogre skeletons
  A demigod skeleton (Crypt:1)
  A felid skeleton (Crypt:2)
  68 mummies
  A hound skeleton (D:4)
  71 river rats
  A swamp drake zombie (Crypt:2)
  2 worker ant zombies (D:11)
  3 scorpion zombies (Ossuary)
  14 shadow imps
  A swamp drake skeleton (Crypt:1)
  19 adders
  41 white imps
  6 ufetubi
  4 giant eyeballs
  9 oozes
  3 worms
  An adder skeleton (D:9)
  7 giant geckos
  191 orcs
  4 ball pythons
  9 bats
  4 giant cockroaches
  11 hobgoblins
  12 kobolds
  4 quokkas
  2 giant cockroach zombies
  7 giant newts
  A gnoll zombie (Ossuary)
  11 goblins
  4 goblin zombies
  4 hobgoblin zombies (Ossuary)
  18 jackals
  A kobold simulacrum (Abyss:1)
  3 kobold zombies (Ossuary)
  An orc skeleton (D:9)
  3 orc zombies
  A quokka skeleton (D:8)
  13 rats
  A block of ice (Pan)
  5 crawling corpses (Elf:3)
  7 fire vortices
  4 plants
  24 starspawn tentacles
  19 tentacles
  A tentacle segment (Coc:7)
7326 creatures vanquished.

Vanquished Creatures (collateral kills)
  Lom Lobon (Pan)
  Dispater (Dis:7)
  A pandemonium lord (Pan)
  2 Brimstone Fiends
  A titan (Pan)
  3 Executioners (Pan)
  A warmonger (Pan)
  A corrupter (Pan)
  2 balrugs (Pan)
  3 cacodemons (Pan)
  A reaper (Pan)
  A very ugly thing (Pan)
  A blizzard demon (Pan)
  A monstrous demonspawn (Pan)
  A hell beast (Pan)
  2 soul eaters (Pan)
  A sun demon (Pan)
  3 ice devils (Pan)
  2 torturous demonspawn (Pan)
  An iron dragon zombie (Dis:7)
  2 ugly things (Pan)
  A sixfirhy (Pan)
  A rust devil (Dis:7)
  A smoke demon (Pan)
  5 orange demons (Pan)
  3 red devils (Pan)
  4 hellwings (Pan)
  3 large abominations (Pan)
  A freezing wraith (Coc:7)
  A blue devil (Dis:7)
  3 neqoxecs (Pan)
  A ynoxinul (Pan)
  A chaos spawn (Pan)
  A spiny frog zombie (Dis:7)
58 creatures vanquished.

Vanquished Creatures (others)
  7 deep elf master archers
  A lich (Geh:7)
  An eldritch tentacle (Pan)
  A revenant (Tomb:2)
  A draconian knight (Zot:2)
  2 draconian scorchers
  2 stone giants
  3 elemental wellsprings
  A bennu (Tomb:2)
  A deep elf annihilator (Tomb:2)
  A corrupter (Pan)
  A blizzard demon (IceCv)
  A deep elf high priest (Elf:3)
  2 yaktaur captains (Vaults:5)
  A death cob (Zot:5)
  2 centaur warriors (Depths:1)
  A naga sharpshooter (Snake:4)
  A storm dragon zombie (Tomb:2)
  A titan skeleton (Geh:7)
  A ball lightning (Zot:5)
  2 deep elf knights
  An anaconda zombie (Hell)
  2 anaconda skeletons
  4 anubis guards
  A shadow dragon zombie (Geh:7)
  2 lindwurms (Depths:5)
  A deep elf conjurer (Tomb:2)
  A cyclops (Vaults:1)
  An ugly thing (Vaults:5)
  A guardian serpent (shapeshifter) (Abyss:4)
  20 yaktaurs
  2 tormentors
  An anaconda simulacrum (Coc:7)
  A harpy zombie (Hell)
  A fire dragon skeleton (Tomb:2)
  22 flying skulls
  A starcursed mass (Abyss:1)
  A two-headed ogre (Vaults:5)
  An ettin skeleton (Tomb:3)
  An ice dragon skeleton (Coc:1)
  A water elemental (Depths:3)
  A deep elf fighter (Vaults:2)
  A golden eye (Abyss:2)
  A hell hound (Abyss:1)
  An orc warrior (Vaults:5)
  A boggart (D:15)
  3 ogres
  6 centaurs
  A swamp drake (Depths:5)
  A small abomination (Abyss:1)
  A wight (Geh:1)
  A crimson imp (Geh:7)
  6 mummies (Tomb:2)
  2 white imps
  A giant eyeball (Depths:3)
  7 ufetubi
  2 orcs (Vaults:5)
  2 kobolds (Abyss:1)
  149 eldritch tentacle segments
  8 fungi
  8 lost souls
  3 lurking horrors (Abyss:1)
  19 plants
  38 starspawn tentacles
  450 starspawn tentacle segments
  46 tentacles
  1091 tentacle segments
1950 creatures vanquished.

Grand Total: 9334 creatures vanquished

Notes
Turn   | Place    | Note
--------------------------------------------------------------
     0 | D:1      | Kidiri the Minotaur Fighter began the quest for the Orb.
     0 | D:1      | Reached XP level 1. HP: 19/19 MP: 0/0
   148 | D:1      | Reached XP level 2. HP: 27/27 MP: 1/1
   169 | D:1      | Reached skill level 4 in Armour
   495 | D:1      | Reached XP level 3. HP: 33/33 MP: 2/2
   849 | D:2      | Reached skill level 1 in Dodging
   950 | D:2      | Reached XP level 4. HP: 32/40 MP: 3/3
  2170 | D:3      | Reached XP level 5. HP: 32/46 MP: 4/4
  2407 | D:3      | Reached skill level 5 in Shields
  2725 | D:4      | Got a twisted mace
  2726 | D:4      | Identified the +6 mace of Uridwy {speed, rElec rPois MR+} (You found it on level 4 of the Dungeon)
  2796 | D:4      | Reached skill level 5 in Armour
  2966 | D:4      | Noticed an ogre
  2968 | D:4      | Reached XP level 6. HP: 37/53 MP: 5/5
  2987 | D:4      | Killed an ogre
  3080 | D:4      | Noticed an ogre
  3088 | D:4      | Killed an ogre
  3088 | D:4      | Reached XP level 7. HP: 43/60 MP: 6/6
  3243 | D:4      | Reached skill level 6 in Shields
  3407 | D:5      | Entered Level 5 of the Dungeon
  3544 | D:5      | Reached skill level 5 in Fighting
  3812 | D:5      | Reached skill level 5 in Maces & Flails
  4093 | D:6      | Reached XP level 8. HP: 65/68 MP: 7/7
  4179 | D:6      | Reached skill level 7 in Armour
  4180 | D:6      | Identified a scroll of acquirement
  4181 | D:6      | Got a transparent cloak
  4192 | D:6      | Identified the +2 cloak of Orthodoxy {-Tele rElec rC+} (You acquired it on level 6 of the Dungeon)
  4318 | D:6      | Found a staircase to the Ecumenical Temple.
  4329 | Temple   | Entered the Ecumenical Temple
  4419 | Temple   | Became a worshipper of Warmaster Okawaru
  4452 | D:6      | Found a basalt altar of Yredelemnul.
  5012 | D:7      | Reached skill level 8 in Armour
  5051 | D:7      | Acquired Okawaru's first power
  5051 | D:7      | Reached XP level 9. HP: 75/75 MP: 8/8
  5227 | D:7      | Got a scintillating wooden ring
  5229 | D:7      | Identified the ring "Lieciapi" {MP+9 Int+3 Dex+6} (You found it on level 7 of the Dungeon)
  5635 | D:8      | Found a sand-covered staircase.
  5649 | Ossuary  | Entered an ossuary
  5681 | Ossuary  | Reached skill level 9 in Armour
  5868 | Ossuary  | Reached skill level 5 in Dodging
  6120 | D:8      | Reached XP level 10. HP: 50/84 MP: 9/9
  6283 | D:8      | Gained mutation: You have a pair of large horns on your head. [potion of mutation]
  6283 | D:8      | Gained mutation: You are resistant to hostile enchantments. [potion of mutation]
  6283 | D:8      | Gained mutation: Your body sometimes deteriorates upon taking damage. [potion of mutation]
  6384 | D:8      | Found an ancient bone altar of Kikubaaqudgha.
  6394 | D:8      | Found a stormy altar of Qazlal.
  6507 | D:8      | Reached skill level 10 in Armour
  6549 | D:8      | Noticed a two-headed hydra
  6557 | D:8      | Killed a two-headed hydra
  6557 | D:8      | Reached skill level 10 in Shields
  6871 | D:8      | Reached skill level 1 in Invocations
  7163 | D:9      | Noticed Joseph
  7175 | D:9      | Killed Joseph
  7175 | D:9      | Reached skill level 1 in Evocations
  7578 | D:9      | Found a basalt altar of Yredelemnul.
  7907 | D:10     | Entered Level 10 of the Dungeon
  8020 | D:10     | Found a staircase to the Lair.
  8308 | D:10     | Reached skill level 11 in Armour
  8309 | D:10     | Noticed a hill giant
  8322 | D:10     | Killed a hill giant
  8322 | D:10     | Reached XP level 11. HP: 82/92 MP: 11/11
  8329 | D:10     | Acquired Okawaru's second power
  8334 | D:10     | Reached skill level 10 in Maces & Flails
  8607 | D:10     | Found a portal to a secret trove of treasure.
  9130 | D:9      | Noticed a cyclops
  9147 | D:9      | Killed a cyclops
  9540 | D:9      | Noticed a cyclops
  9541 | D:9      | Noticed a sphinx
  9541 | D:9      | Noticed a sphinx
  9555 | D:9      | Received a gift from Okawaru
  9568 | D:9      | Killed a sphinx
  9581 | D:9      | Killed a sphinx
  9581 | D:9      | Received a gift from Okawaru
  9584 | D:9      | Killed a cyclops
  9584 | D:9      | Reached skill level 12 in Armour
  9586 | D:9      | Got a slimy demon whip {god gift}
  9587 | D:9      | Identified the +3 demon whip of Mam Vui {pain, *Drain Str+6 Dex+6} (Okawaru gifted it to you on level 9 of the Dungeon)
 10010 | Lair:1   | Entered Level 1 of the Lair of Beasts
 10338 | Lair:1   | Reached XP level 12. HP: 72/103 MP: 13/13
 10553 | Lair:1   | Noticed Gastronok
 10570 | Lair:1   | Killed Gastronok
 11869 | Lair:3   | Reached skill level 13 in Armour
 11928 | Lair:3   | Received a gift from Okawaru
 11929 | Lair:3   | Got a steaming dagger {god gift}
 11930 | Lair:3   | Identified the +1 dagger of Distant Worlds {freeze, SInv} (Okawaru gifted it to you on level 3 of the Lair of Beasts)
 12285 | Lair:3   | Found a staircase to the Snake Pit.
 12346 | Lair:3   | Noticed an eight-headed hydra
 12352 | Lair:3   | Killed an eight-headed hydra
 13017 | Lair:3   | Noticed a naga warrior
 13027 | Lair:3   | Killed a naga warrior
 13218 | Lair:4   | Reached skill level 5 in Invocations
 13228 | Lair:4   | Reached skill level 5 in Evocations
 13269 | Lair:4   | Reached XP level 13. HP: 111/111 MP: 15/15
 14267 | Lair:5   | Noticed Rupert
 14285 | Lair:5   | Killed Rupert
 14943 | Lair:5   | Found a staircase to the Shoals.
 15159 | Lair:6   | Found a dark tunnel.
 15206 | Volcano  | Entered a volcano
 15550 | Volcano  | Found a radiant altar of Vehumet.
 15550 | Volcano  | Noticed Urug
 15579 | Volcano  | Killed Urug
 16252 | Lair:6   | Received a gift from Okawaru
 16813 | Lair:7   | Reached skill level 10 in Fighting
 16851 | Lair:7   | Reached skill level 14 in Armour
 17180 | Lair:7   | Reached XP level 14. HP: 121/121 MP: 17/17
 17477 | Lair:7   | Received a gift from Okawaru
 17478 | Lair:7   | Got a translucent shield {god gift}
 17489 | Lair:7   | Identified the -8 shield of Parlour Games {rElec rF+} (Okawaru gifted it to you on level 7 of the Lair of Beasts)
 17793 | Lair:8   | Entered Level 8 of the Lair of Beasts
 19052 | D:11     | Received a gift from Okawaru
 19057 | D:11     | Got a brightly glowing morningstar {god gift}
 19058 | D:11     | Identified the +3 morningstar of the Gloaming {elec, Str+3 Stlth+} (Okawaru gifted it to you on level 11 of the Dungeon)
 19613 | D:11     | Found Guakhia's Armour Emporium.
 19643 | D:11     | Gained mutation: Your body often deteriorates upon taking damage. [mutagenic meat]
 19646 | D:11     | Gained mutation: You are covered in fur (AC +1). [mutagenic meat]
 20169 | D:12     | Found a staircase to the Orcish Mines.
 20178 | D:12     | Found Roxavven's Armour Shop.
 20214 | D:12     | Bought the +2 pair of fencer's gloves {LBl+4 SBl+4 EV+3 Dex+6} for 700 gold pieces
 20239 | D:12     | Noticed Fannar
 20262 | D:12     | Killed Fannar
 20546 | D:12     | Reached skill level 15 in Armour
 20892 | Orc:1    | Entered Level 1 of the Orcish Mines
 20892 | Orc:1    | Found Giatoas's Antique Weapon Emporium.
 21379 | Orc:1    | Found Tyanaviw's Gadget Boutique.
 21496 | Orc:1    | Found a roughly hewn altar of Beogh.
 21734 | Orc:3    | Found Touficuck's Distillery.
 21747 | Orc:3    | Bought a potion of beneficial mutation for 420 gold pieces
 21747 | Orc:3    | Bought a potion of beneficial mutation for 420 gold pieces
 21747 | Orc:3    | Bought a potion of mutation for 30 gold pieces
 21759 | Orc:3    | Gained mutation: Your spells are a little easier to cast, but a little less powerful. [potion of mutation]
 21759 | Orc:3    | Gained mutation: You are dopey. (Int -2) [potion of mutation]
 21759 | Orc:3    | Lost mutation: Your spells are a little easier to cast, but a little less powerful. [potion of mutation]
 21760 | Orc:3    | Gained mutation: Your flesh is cold resistant. [potion of beneficial mutation]
 21761 | Orc:3    | Lost mutation: Your flesh is cold resistant. [potion of cure mutation]
 21761 | Orc:3    | Lost mutation: You have a pair of large horns on your head. [potion of cure mutation]
 21761 | Orc:3    | Lost mutation: You are dopey. (Int -2) [potion of cure mutation]
 21761 | Orc:3    | Lost mutation: You are resistant to hostile enchantments. [potion of cure mutation]
 21761 | Orc:3    | Lost mutation: Your body often deteriorates upon taking damage. [potion of cure mutation]
 21761 | Orc:3    | Lost mutation: Your body sometimes deteriorates upon taking damage. [potion of cure mutation]
 21762 | Orc:3    | Gained mutation: You can spit weak poison. [potion of beneficial mutation]
 21940 | Orc:3    | Noticed an orc warlord
 21950 | Orc:3    | Noticed an orc warlord
 21966 | Orc:3    | Killed an orc warlord
 21966 | Orc:3    | Reached XP level 15. HP: 84/129 MP: 19/19
 21994 | Orc:3    | Gained mutation: You are dopey. (Int -2) [a neqoxec]
 22009 | Orc:3    | Killed an orc warlord
 22269 | Orc:3    | Noticed Josephine
 22282 | Orc:3    | Killed Josephine
 22282 | Orc:3    | Received a gift from Okawaru
 22435 | Orc:3    | Found a staircase to the Elven Halls.
 23018 | Orc:1    | Reached skill level 15 in Shields
 23074 | Orc:1    | Found Jethrufel's Weapon Shoppe.
 23190 | Orc:4    | Entered Level 4 of the Orcish Mines
 23415 | Orc:4    | Noticed Nessos
 23438 | Orc:4    | Killed Nessos
 23605 | Orc:4    | Found Ewkopsum's Magic Scroll Emporium.
 23619 | Orc:4    | Reached skill level 10 in Dodging
 23714 | Orc:4    | Received a gift from Okawaru
 23768 | Orc:4    | Found Lounih's Gadget Shop.
 23772 | Orc:4    | Found Afese's Antique Weapon Shop.
 23778 | Orc:4    | Found Remoobb's Armour Emporium.
 23979 | Orc:4    | Noticed HEYYEYAAE's ghost (powerful DDCK)
 23990 | Orc:4    | Killed HEYYEYAAE's ghost
 24273 | D:13     | Found a gate to the Vaults.
 24318 | D:13     | Reached skill level 15 in Maces & Flails
 24342 | D:13     | Noticed Frances
 24378 | D:13     | Killed Frances
 24522 | D:13     | Found Yxtuw's Weapon Boutique.
 24579 | D:13     | Found Zasuagug's General Store.
 24628 | D:13     | Found Epreth's Food Shoppe.
 24721 | D:13     | Found Maplueru's Food Shoppe.
 24813 | D:13     | Gained mutation: Your spells are a little harder to cast, but a little more powerful. [mutagenic meat]
 24817 | D:13     | Found a blossoming altar of Fedhas.
 25301 | D:14     | Noticed Louise
 25312 | D:14     | Killed Louise
 25449 | D:14     | Identified the Catalogue of Execration
 25478 | D:14     | Noticed Roxanne
 25492 | D:14     | Received a gift from Okawaru
 25560 | D:14     | Killed Roxanne
 25560 | D:14     | Reached skill level 16 in Armour
 25615 | D:14     | Reached XP level 16. HP: 139/139 MP: 20/20
 25987 | D:14     | Noticed Agnes
 26003 | D:14     | Killed Agnes
 26144 | D:14     | Noticed Sonja
 26152 | D:14     | Killed Sonja
 26363 | D:15     | Entered Level 15 of the Dungeon
 26406 | D:15     | Received a gift from Okawaru
 26585 | D:15     | Found a labyrinth entrance.
 26602 | D:15     | Gained mutation: You are partially covered in rough black scales (AC +4, Dex -1). [mutagenic meat]
 26603 | D:15     | Gained mutation: You are partially covered in molten scales (AC +1). [mutagenic meat]
 26604 | D:15     | Gained mutation: Your system is resistant to poisons. [mutagenic meat]
 26639 | Lab      | Entered a labyrinth
 27643 | Lab      | Identified Sicos's Handbook of Fire and Attacks
 27643 | Lab      | Identified Heaqij's Foundations of Spellweaving
 27644 | Lab      | Got a crystal dagger
 28558 | D:15     | Found a staircase to the Depths.
 28963 | Shoals:1 | Entered Level 1 of the Shoals
 29316 | Shoals:1 | Received a gift from Okawaru
 29748 | Shoals:1 | Found Aggugog's Gadget Shoppe.
 30119 | Shoals:2 | Found a frozen archway.
 30178 | IceCv    | Entered an ice cave
 30437 | IceCv    | Reached skill level 17 in Armour
 30450 | IceCv    | Reached XP level 17. HP: 132/148 MP: 22/22
 30488 | IceCv    | Received a gift from Okawaru
 31591 | Shoals:3 | Noticed Nikola
 31618 | Shoals:3 | Killed Nikola
 32273 | Shoals:4 | Entered Level 4 of the Shoals
 32278 | Shoals:4 | Noticed Jorgrun
 32312 | Shoals:4 | Killed Jorgrun
 32857 | Shoals:4 | Noticed Ilsuiw
 32860 | Shoals:4 | Noticed Kirke
 32900 | Shoals:4 | Killed Ilsuiw
 32965 | Shoals:4 | Killed Kirke
 33154 | Shoals:4 | Received a gift from Okawaru
 33158 | Shoals:4 | Got a faintly glowing hat {god gift}
 33159 | Shoals:4 | Identified the +2 hat "Ifichauh" {+Blink rC+++ rN+ Stlth-} (Okawaru gifted it to you on level 4 of the Shoals)
 33313 | Shoals:4 | Got a barnacled rune of Zot
 33700 | Shoals:4 | Identified the Handbook of Cold
 33716 | Shoals:4 | Noticed Aizul
 33737 | Shoals:4 | Killed Aizul
 34072 | Shoals:4 | Reached XP level 18. HP: 122/157 MP: 24/24
 34271 | Snake:1  | Entered Level 1 of the Snake Pit
 34314 | Snake:1  | Found Vaduigey's Book Shop.
 34654 | Snake:1  | Reached skill level 18 in Armour
 35356 | Snake:2  | Found Yffenip's Magic Scroll Emporium.
 35408 | Snake:2  | Received a gift from Okawaru
 35447 | Snake:2  | Noticed Vashnia
 35467 | Snake:2  | Killed Vashnia
 36352 | Snake:3  | Found a runed gate.
 36352 | Snake:3  | Found a runed gate.
 36352 | Snake:3  | Found a runed gate.
 37491 | Snake:4  | Entered Level 4 of the Snake Pit
 37552 | Snake:4  | Reached skill level 10 in Invocations
 37914 | Snake:4  | Reached XP level 19. HP: 152/166 MP: 25/25
 38130 | Snake:4  | Reached skill level 10 in Evocations
 38131 | Snake:4  | Received a gift from Okawaru
 38175 | Snake:4  | Reached skill level 19 in Armour
 38203 | Snake:4  | Noticed Noname's ghost (mighty HuFE)
 38239 | Snake:4  | Killed Noname's ghost
 38758 | Snake:4  | Got a serpentine rune of Zot
 39169 | Elf:1    | Entered Level 1 of the Elven Halls
 39342 | Elf:1    | Found a deep blue altar of Sif Muna.
 39514 | Elf:1    | Received a gift from Okawaru
 39515 | Elf:1    | Found Yczosop's Armour Shoppe.
 39704 | Elf:1    | Found Lamawuc's Antique Armour Emporium.
 39709 | Elf:1    | Bought an encrusted plate armour for 812 gold pieces
 39719 | Elf:1    | Identified the +5 plate armour "Illepeh" {rElec Dex+3} (You bought it in a shop on level 1 of the Elven Halls)
 39773 | Elf:1    | Found Ohusetie's General Store.
 39779 | Elf:1    | Bought a potion of heal wounds for 55 gold pieces
 39779 | Elf:1    | Bought a scroll of teleportation for 33 gold pieces
 40145 | Elf:2    | Found Ymup's Gadget Shoppe.
 40336 | Elf:2    | Got a vibrating zirconium amulet
 40338 | Elf:2    | Identified the amulet of the Ego {+Blink MR- Regen+ Str+2 Dex+4} (You acquired it on level 2 of the Elven Halls)
 41050 | Elf:2    | Found a huge runed gate.
 41050 | Elf:2    | Found a huge runed gate.
 41050 | Elf:2    | Found a huge runed gate.
 41050 | Elf:2    | Found a huge runed gate.
 41050 | Elf:2    | Found a huge runed gate.
 41260 | Elf:2    | Reached XP level 20. HP: 176/176 MP: 26/26
 41339 | Elf:2    | Received a gift from Okawaru
 41572 | Elf:3    | Entered Level 3 of the Elven Halls
 41679 | Elf:3    | Found Awaogil's General Store.
 41755 | Elf:3    | Found a deep blue altar of Sif Muna.
 41889 | Elf:3    | Paralysed by an orc sorcerer for 7 turns
 42036 | Elf:3    | Cast into the Abyss (a deep elf demonologist)
 42037 | Abyss:1  | Found a corrupted altar of Lugonu.
 42318 | Abyss:1  | Paralysed by you for 3 turns
 42463 | Abyss:1  | Lost mutation: Your spells are a little harder to cast, but a little more powerful. [mutagenic meat]
 42464 | Abyss:1  | Gained mutation: You tend to lose your temper in combat. [mutagenic meat]
 42517 | Abyss:1  | Lost mutation: You can spit weak poison. [mutagenic meat]
 42518 | Abyss:1  | Gained mutation: You possess an exceptional clarity of mind. [mutagenic meat]
 42519 | Abyss:1  | Gained mutation: You occasionally shout uncontrollably at your foes. [mutagenic meat]
 42520 | Abyss:1  | Lost mutation: You tend to lose your temper in combat. [mutagenic meat]
 42566 | Abyss:1  | Reached skill level 20 in Armour
 42823 | Abyss:1  | Gained mutation: Your body sometimes deteriorates upon taking damage. [mutagenic meat]
 43113 | Abyss:1  | Got an opal-studded plate armour
 43134 | Abyss:1  | Identified the +9 plate armour of Dofreo {+Fly rF+++ Int+4 Stlth-} (You found it on level 1 of the Abyss)
 43351 | Abyss:1  | Lost mutation: Your body sometimes deteriorates upon taking damage. [mutagenic meat]
 43580 | Abyss:1  | Paralysed by a great orb of eyes for 7 turns
 43594 | Abyss:1  | Paralysed by a great orb of eyes for 5 turns
 43609 | Abyss:1  | Reached skill level 15 in Fighting
 43623 | Abyss:1  | Paralysed by a giant eyeball for 2 turns
 43637 | Abyss:1  | Paralysed by a giant eyeball for 2 turns
 43643 | Abyss:1  | Paralysed by a giant eyeball for 3 turns
 43651 | Abyss:1  | Paralysed by a giant eyeball for 3 turns
 43745 | Abyss:1  | Paralysed by you for 2 turns
 43773 | Abyss:1  | Gained mutation: You are agile. (Dex +2) [mutagenic meat]
 44114 | Abyss:1  | Reached XP level 21. HP: 184/184 MP: 28/28
 44136 | Abyss:1  | Lost mutation: You are agile. (Dex +2) [mutagenic meat]
 44137 | Abyss:1  | Gained mutation: Your magical capacity is low (-10% MP). [mutagenic meat]
 44138 | Abyss:1  | Gained mutation: Your flesh is heat resistant. [mutagenic meat]
 44767 | Abyss:2  | Received a gift from Okawaru
 44768 | Abyss:2  | Got a steaming ring mail {god gift}
 44769 | Abyss:2  | Lost mutation: Your magical capacity is low (-10% MP). [mutagenic meat]
 44770 | Abyss:2  | Gained mutation: You are partially covered in slimy green scales (AC +2). [mutagenic meat]
 44771 | Abyss:2  | Gained mutation: You can spit weak poison. [mutagenic meat]
 44790 | Abyss:2  | Identified the +5 ring mail of Zoerph {-Cast rN+++ MR++ rCorr} (Okawaru gifted it to you on level 2 of the Abyss)
 45064 | Abyss:2  | Lost mutation: You are covered in fur (AC +1). [mutagenic meat]
 45774 | Abyss:2  | Lost mutation: You possess an exceptional clarity of mind. [mutagenic meat]
 45800 | Abyss:2  | Reached skill level 21 in Armour
 45993 | Abyss:2  | Found a sparkling altar of Nemelex Xobeh.
 46126 | Abyss:3  | Gained mutation: You expend magic power (3 MP) to strengthen your wands. [mutagenic meat]
 46128 | Abyss:3  | Gained mutation: You are clumsy. (Dex -2) [mutagenic meat]
 46154 | Abyss:3  | Paralysed by accursed screaming for 2 turns
 46196 | Abyss:3  | Paralysed by accursed screaming for 1 turns
 46467 | Abyss:4  | Gained mutation: Your magical capacity is low (-10% MP). [a neqoxec]
 46547 | Abyss:4  | Paralysed by accursed screaming for 1 turns
 46584 | Abyss:4  | Paralysed by accursed screaming for 2 turns
 46595 | Abyss:4  | Paralysed by accursed screaming for 1 turns
 46745 | Abyss:4  | Lost mutation: You occasionally shout uncontrollably at your foes. [mutagenic meat]
 46787 | Abyss:4  | Paralysed by a great orb of eyes for 3 turns
 46794 | Abyss:4  | Paralysed by a great orb of eyes for 2 turns
 46808 | Abyss:4  | Reached XP level 22. HP: 78/194 MP: 25/26
 46860 | Abyss:4  | Lost mutation: You are partially covered in molten scales (AC +1). [mutagenic meat]
 46864 | Abyss:4  | Gained mutation: Your natural rate of healing is unusually fast. [mutagenic meat]
 46866 | Abyss:4  | Lost mutation: You are clumsy. (Dex -2) [mutagenic meat]
 46868 | Abyss:4  | Lost mutation: Your natural rate of healing is unusually fast. [mutagenic meat]
 46869 | Abyss:4  | Lost mutation: You are dopey. (Int -2) [mutagenic meat]
 46870 | Abyss:4  | Gained mutation: Your magical capacity is very low (-20% MP). [mutagenic meat]
 46871 | Abyss:4  | Gained mutation: Scrolls take you a little longer to read. [mutagenic meat]
 46872 | Abyss:4  | Gained mutation: You are agile. (Dex +2) [mutagenic meat]
 46874 | Abyss:4  | Gained mutation: You have a pair of large horns on your head. [mutagenic meat]
 46893 | Abyss:4  | Got an abyssal rune of Zot
 47434 | Elf:3    | Escaped the Abyss
 47480 | Elf:3    | Received a gift from Okawaru
 47697 | Elf:3    | Cast into the Abyss (a deep elf sorcerer)
 47796 | Abyss:1  | Gained mutation: You are dopey. (Int -2) [mutagenic meat]
 47800 | Abyss:1  | Gained mutation: You evolve. [mutagenic meat]
 47802 | Abyss:1  | Lost mutation: You can spit weak poison. [mutagenic meat]
 47804 | Abyss:1  | Lost mutation: Your magical capacity is very low (-20% MP). [mutagenic meat]
 47874 | Abyss:1  | Gained mutation: You occasionally shout uncontrollably at your foes. [a cacodemon]
 47938 | Abyss:1  | Paralysed by accursed screaming for 1 turns
 47941 | Abyss:1  | Reached skill level 22 in Armour
 47947 | Abyss:1  | Paralysed by accursed screaming for 1 turns
 47954 | Abyss:1  | Reached skill level 15 in Dodging
 48029 | Abyss:1  | Lost mutation: You have a pair of large horns on your head. [mutagenic meat]
 48186 | Abyss:1  | Gained mutation: You tend to lose your temper in combat. [mutagenic meat]
 48291 | Abyss:1  | Lost mutation: Scrolls take you a little longer to read. [mutagenic meat]
 48322 | Abyss:1  | Reached XP level 23. HP: 203/203 MP: 28/28
 48427 | Abyss:1  | Paralysed by accursed screaming for 1 turns
 48464 | Abyss:1  | Paralysed by accursed screaming for 2 turns
 48524 | Abyss:1  | Received a gift from Okawaru
 48727 | Elf:3    | Escaped the Abyss
 48909 | Elf:3    | Cast into the Abyss (a deep elf sorcerer)
 49004 | Elf:3    | Escaped the Abyss
 49094 | Elf:3    | Cast into the Abyss (a deep elf sorcerer)
 49475 | Abyss:1  | Gained mutation: Your flesh is very heat resistant. [mutagenic meat]
 49482 | Abyss:1  | Gained mutation: Armour fits poorly on your strangely shaped body. [mutagenic meat]
 49483 | Abyss:1  | Lost mutation: Armour fits poorly on your strangely shaped body. [mutagenic meat]
 49553 | Elf:3    | Escaped the Abyss
 49608 | Elf:3    | Identified the Almanac of Arcane Weapons
 49715 | Elf:3    | Got a pitted plate armour
 49726 | Elf:3    | Identified the +2 plate armour of the Harp {+Fly Int+2} (You found it on level 3 of the Elven Halls)
 49782 | Elf:3    | Identified Sahytu's Papyrus of Battle Magic and Weightlessness (You found it on level 3 of the Elven Halls)
 49791 | Elf:3    | Identified the Collected Works on the Escort and the Traveller
 49972 | Elf:3    | Lost mutation: You expend magic power (3 MP) to strengthen your wands. [evolution]
 50229 | Vaults:1 | Entered Level 1 of the Vaults
 50280 | Vaults:1 | Found Yshon's Gadget Emporium.
 50403 | Vaults:1 | Cast into the Abyss (a deep elf sorcerer)
 50658 | Vaults:1 | Escaped the Abyss
 51478 | Vaults:1 | Lost mutation: You are partially covered in slimy green scales (AC +2). [mutagenic meat]
 51481 | Vaults:1 | Lost mutation: You are agile. (Dex +2) [mutagenic meat]
 51482 | Vaults:1 | Lost mutation: You occasionally shout uncontrollably at your foes. [mutagenic meat]
 51484 | Vaults:1 | Gained mutation: You are frail (-10% HP). [mutagenic meat]
 51486 | Vaults:1 | Gained mutation: Your body sometimes deteriorates upon taking damage. [mutagenic meat]
 51488 | Vaults:1 | Gained mutation: You rapidly evolve. [mutagenic meat]
 51489 | Vaults:1 | Lost mutation: You are frail (-10% HP). [mutagenic meat]
 51490 | Vaults:1 | Gained mutation: Scrolls take you a little longer to read. [mutagenic meat]
 51492 | Vaults:1 | Lost mutation: Scrolls take you a little longer to read. [mutagenic meat]
 51493 | Vaults:1 | Gained mutation: You are very dopey. (Int -4) [mutagenic meat]
 51848 | Vaults:2 | Lost mutation: You tend to lose your temper in combat. [mutagenic meat]
 51849 | Vaults:2 | Lost mutation: You are very dopey. (Int -4) [mutagenic meat]
 51863 | Vaults:2 | Received a gift from Okawaru
 52355 | Vaults:2 | Reached XP level 24. HP: 212/214 MP: 28/28
 52435 | Vaults:2 | Reached skill level 23 in Armour
 52696 | Vaults:2 | Noticed Frederick
 52715 | Vaults:2 | Killed Frederick
 52725 | Vaults:2 | Received a gift from Okawaru
 52948 | D:10     | You paid a toll of 14 scrolls of teleportation to enter a treasure trove
 52949 | Trove    | Entered a treasure trove
 52963 | Trove    | Identified Sif Muna's Compendium of Destructive Poisoning
 52990 | Trove    | Identified Cigotuvi's Reference Book on Transformation
 53492 | Vaults:2 | Found a staircase to the Crypt.
 53861 | Vaults:3 | Noticed Xtahua
 53879 | Vaults:3 | Killed Xtahua
 54201 | Vaults:3 | Received a gift from Okawaru
 54256 | Vaults:3 | Noticed Wiglaf
 54290 | Vaults:3 | Killed Wiglaf
 54540 | Vaults:3 | Gained mutation: Your body often deteriorates upon taking damage. [evolution]
 54596 | Vaults:3 | Gained mutation: You are agile. (Dex +2) [potion of mutation]
 54596 | Vaults:3 | Gained mutation: You can breathe flames. [potion of mutation]
 55395 | Vaults:4 | Lost mutation: You are partially covered in rough black scales (AC +4, Dex -1). [mutagenic meat]
 55398 | Vaults:4 | Gained mutation: You have sharp toenails. [mutagenic meat]
 55826 | Vaults:4 | Lost mutation: Your flesh is very heat resistant. [mutagenic meat]
 56488 | Vaults:4 | Noticed Mara
 56492 | Vaults:4 | Noticed Kidiri's illusion
 56498 | Vaults:4 | Killed Mara
 56498 | Vaults:4 | Reached XP level 25. HP: 221/225 MP: 28/28
 56971 | Vaults:5 | Entered Level 5 of the Vaults
 57056 | Vaults:5 | Noticed an ancient lich
 57083 | Vaults:5 | Killed an ancient lich
 57302 | Vaults:5 | Got a faintly glowing marble ring
 57304 | Vaults:5 | Identified the ring "Ustoybra" {Int+3 Stlth+} (You took it off a vault warden on level 5 of the Vaults)
 57349 | Vaults:5 | Received a gift from Okawaru
 57524 | Vaults:5 | Reached skill level 24 in Armour
 57640 | Vaults:5 | Lost mutation: You are dopey. (Int -2) [mutagenic meat]
 57758 | Vaults:5 | Received a gift from Okawaru
 57764 | Vaults:5 | Got a pair of ichor-stained boots {god gift}
 57780 | Vaults:5 | Identified the -3 pair of boots of Ciopn {rN+ Str+2 Int+2} (Okawaru gifted it to you on level 5 of the Vaults)
 57852 | Vaults:5 | Gained mutation: You are occasionally teleported to nearby monsters. [mutagenic meat]
 57854 | Vaults:5 | Gained mutation: You can breathe fire. [mutagenic meat]
 57855 | Vaults:5 | Lost mutation: Your magical capacity is low (-10% MP). [mutagenic meat]
 57856 | Vaults:5 | Lost mutation: You are agile. (Dex +2) [mutagenic meat]
 58164 | Vaults:5 | Lost mutation: Your flesh is heat resistant. [potion of mutation]
 58165 | Vaults:5 | Lost mutation: You have sharp toenails. [potion of mutation]
 58165 | Vaults:5 | Gained mutation: Your mind is acute. (Int +2) [potion of mutation]
 58182 | Vaults:5 | Got a silver rune of Zot
 58621 | Vaults:5 | Noticed an ancient lich
 58642 | Vaults:5 | Killed an ancient lich
 59019 | Vaults:5 | Cast into the Abyss (an ogre mage)
 59098 | Abyss:1  | Noticed an ancient lich
 59105 | Abyss:1  | Killed an ancient lich
 59105 | Abyss:1  | Reached XP level 26. HP: 235/238 MP: 32/32
 59196 | Abyss:1  | Paralysed by accursed screaming for 1 turns
 59256 | Abyss:1  | Gained mutation: Scrolls take you a little longer to read. [mutagenic meat]
 59257 | Abyss:1  | Lost mutation: You can breathe fire. [mutagenic meat]
 59262 | Abyss:1  | Lost mutation: Your mind is acute. (Int +2) [mutagenic meat]
 59265 | Abyss:1  | Gained mutation: You are clumsy. (Dex -2) [mutagenic meat]
 59267 | Abyss:1  | Lost mutation: Scrolls take you a little longer to read. [mutagenic meat]
 59268 | Abyss:1  | Gained mutation: You are robust (+10% HP). [mutagenic meat]
 59296 | Abyss:1  | Gained mutation: Armour fits poorly on your strangely shaped body. [a neqoxec]
 59313 | Abyss:1  | Gained mutation: You are sometimes teleported to nearby monsters. [a neqoxec]
 59318 | Abyss:1  | Paralysed by accursed screaming for 1 turns
 59328 | Abyss:1  | Paralysed by accursed screaming for 2 turns
 59374 | Abyss:1  | Found a sparkling altar of Nemelex Xobeh.
 59396 | Vaults:5 | Escaped the Abyss
 59780 | Vaults:5 | Received a gift from Okawaru
 59873 | Vaults:5 | Gained mutation: You are resistant to hostile enchantments. [evolution]
 60382 | Lair:6   | Found a staircase to the Slime Pits.
 60549 | Slime:1  | Entered Level 1 of the Pits of Slime
 61320 | Slime:2  | Gained mutation: You are very clumsy. (Dex -4) [a shining eye]
 62245 | Slime:3  | Lost mutation: You are resistant to hostile enchantments. [potion of cure mutation]
 62245 | Slime:3  | Lost mutation: You are very clumsy. (Dex -4) [potion of cure mutation]
 62245 | Slime:3  | Lost mutation: Armour fits poorly on your strangely shaped body. [potion of cure mutation]
 62245 | Slime:3  | Lost mutation: You are clumsy. (Dex -2) [potion of cure mutation]
 62245 | Slime:3  | Lost mutation: Your system is resistant to poisons. [potion of cure mutation]
 62764 | Slime:4  | Received a gift from Okawaru
 63295 | Slime:5  | Gained mutation: Scrolls take you a little longer to read. [a shining eye]
 63713 | Slime:6  | Entered Level 6 of the Pits of Slime
 63715 | Slime:6  | Gained mutation: You heal slowly when monsters are visible. [a shining eye]
 63752 | Slime:6  | Reached skill level 25 in Maces & Flails
 64112 | Slime:6  | Noticed the royal jelly
 64215 | Slime:6  | Killed the royal jelly
 64215 | Slime:6  | Received a gift from Okawaru
 64364 | Slime:6  | Gained mutation: Scrolls take you longer to read. [a shining eye]
 65179 | Slime:6  | Got a flickering bronze ring
 65181 | Slime:6  | Identified the ring of Miorenta {rF+ rN+ Int+3} (You found it on level 6 of the Pits of Slime)
 65201 | Slime:6  | Got a slimy cloak
 65207 | Slime:6  | Identified the +1 cloak "Alecutti" {*Confuse rPois rCorr Dex+4} (You found it on level 6 of the Pits of Slime)
 65335 | Slime:6  | Got a clouded bone ring
 65337 | Slime:6  | Identified the ring of the Thirteen Beds {+Fly rElec Stlth+} (You found it on level 6 of the Pits of Slime)
 65381 | Slime:6  | Lost mutation: Scrolls take you longer to read. [potion of cure mutation]
 65381 | Slime:6  | Lost mutation: You can breathe flames. [potion of cure mutation]
 65381 | Slime:6  | Lost mutation: Your body often deteriorates upon taking damage. [potion of cure mutation]
 65381 | Slime:6  | Lost mutation: You heal slowly when monsters are visible. [potion of cure mutation]
 66391 | Slime:6  | Got a slimy rune of Zot
 66857 | Crypt:1  | Entered Level 1 of the Crypt
 67866 | Crypt:1  | Reached XP level 27. HP: 275/275 MP: 25/32
 68332 | Crypt:1  | Received a gift from Okawaru
 69179 | Orc:4    | Bought a scroll of enchant weapon for 97 gold pieces
 70437 | Crypt:2  | Gained mutation: You can spit weak poison. [evolution]
 70437 | Crypt:2  | Lost mutation: You rapidly evolve. [end of evolution]
 70817 | Crypt:3  | Entered Level 3 of the Crypt
 71299 | Crypt:3  | Reached skill level 26 in Maces & Flails
 71321 | Crypt:3  | Found a basalt altar of Yredelemnul.
 71352 | Crypt:3  | Received a gift from Okawaru
 71584 | Crypt:3  | Identified the Papyrus of Necromancy
 71888 | Crypt:3  | Found a staircase to the Tomb.
 71971 | Crypt:3  | Upgraded the game from 0.17-a0-1642-gd4b747b to 0.17-a0-1646-geb1493d
 72489 | Crypt:3  | Received a gift from Okawaru
 72490 | Crypt:3  | Got a warped ring mail {god gift}
 72588 | Crypt:3  | Got a slimy morningstar
 72591 | Crypt:3  | Identified the +6 morningstar of Jousubb {vamp, *Contam rN+ Str+4 Int+4} (You found it on level 3 of the Crypt)
 73291 | Tomb:1   | Entered Level 1 of the Tomb of the Ancients
 73459 | Tomb:1   | Paralysed by a sphinx for 4 turns
 74592 | Temple   | Fell from the grace of Okawaru
 74592 | Temple   | Became a worshipper of the Shining One
 77581 | Tomb:1   | Acquired the Shining One's first power
 78006 | Tomb:1   | Acquired the Shining One's second power
 78131 | Tomb:2   | Noticed Mennas
 78194 | Tomb:1   | Killed Mennas
 78543 | Tomb:2   | Acquired the Shining One's third power
 79379 | Tomb:1   | Acquired the Shining One's fourth power
 79553 | Tomb:1   | Lost mutation: Scrolls take you a little longer to read. [evolution]
 81555 | Tomb:1   | Gained mutation: Scrolls take you a little longer to read. [a neqoxec]
 82384 | Tomb:1   | Lost mutation: Scrolls take you a little longer to read. [a neqoxec]
 83083 | Temple   | Identified a +4 sacred scourge of holy wrath (a +2 demon whip of electrocution blessed by the Shining One)
 83856 | Tomb:1   | Reached skill level 27 in Maces & Flails
 84198 | Tomb:2   | Noticed Boris
 84208 | Tomb:2   | Killed Boris
 84507 | Tomb:3   | Entered Level 3 of the Tomb of the Ancients
 87553 | Tomb:3   | Gained mutation: You are resistant to hostile enchantments. [potion of beneficial mutation]
 87701 | Tomb:3   | Was forgiven by Okawaru
 87793 | Tomb:3   | Got a golden rune of Zot
 87850 | Tomb:3   | Identified the Reference Book on Venomous Conjuration
 87859 | Tomb:3   | Got a sparkling graven amulet
 87936 | Tomb:3   | Identified the amulet "Dyresag" {Spirit rC+ Slay+5} (You found it on level 3 of the Tomb of the Ancients)
 87990 | Tomb:3   | Got a fine buckler
 88001 | Tomb:3   | Identified the +2 buckler "Miatipil" {*Drain +Inv rElec rC+} (You found it on level 3 of the Tomb of the Ancients)
 88022 | Tomb:3   | Got a pitted buckler
 88033 | Tomb:3   | Identified the +2 buckler "Ytaitz" {Str+2} (You found it on level 3 of the Tomb of the Ancients)
 88702 | D:15     | Lost mutation: You are sometimes teleported to nearby monsters. [evolution]
 88729 | D:15     | Gained mutation: You have large cloven feet. [mutagenic meat]
 88730 | D:15     | Gained mutation: You have hoof-like feet. [mutagenic meat]
 88772 | Depths:1 | Entered Level 1 of the Depths
 88842 | Depths:1 | Found a gateway to Hell.
 88875 | Depths:1 | Found a sparkling altar of Nemelex Xobeh.
 88929 | Depths:1 | Found a flickering gateway to a bazaar.
 88938 | Bazaar   | Entered a bazaar
 88942 | Bazaar   | Found Eseteasu's Distillery.
 88948 | Bazaar   | Bought a potion of heal wounds for 60 gold pieces
 88948 | Bazaar   | Bought a potion of mutation for 30 gold pieces
 88948 | Bazaar   | Lost mutation: You can spit weak poison. [potion of mutation]
 88948 | Bazaar   | Lost mutation: You evolve. [potion of mutation]
 88961 | Bazaar   | Found Nysuposo's Antique Weapon Emporium.
 88978 | Bazaar   | Found Seonto's Book Boutique.
 88995 | Bazaar   | Found Fumnouh's Food Shoppe.
 89246 | Depths:1 | Found a gateway to a ziggurat.
 89863 | Depths:2 | Paralysed by a great orb of eyes for 3 turns
 90024 | Depths:2 | Found Kiusoluz's Assorted Antiques.
 90382 | Depths:2 | Found a runed door.
 90519 | Depths:2 | Found a runed door.
 90535 | Depths:2 | Reached skill level 27 in Armour
 90561 | Depths:2 | Reached skill level 27 in Shields
 90606 | Depths:2 | Got an ancient silver ring
 90608 | Depths:2 | Identified the ring of Oderucka {rElec rC+ MP+9 Str-2} (You found it on level 2 of the Depths)
 90847 | Depths:2 | Gained mutation: You are clumsy. (Dex -2) [mutagenic meat]
 90848 | Depths:2 | Lost mutation: Your body sometimes deteriorates upon taking damage. [mutagenic meat]
 90850 | Depths:2 | Gained mutation: You are dopey. (Int -2) [mutagenic meat]
 90874 | Depths:2 | Identified the Guide on Supportive Boosts
 91055 | Depths:2 | Gained mutation: Your flesh is cold resistant. [mutagenic meat]
 91056 | Depths:2 | Gained mutation: You expend magic power (3 MP) to strengthen your wands. [mutagenic meat]
 91058 | Depths:2 | Gained mutation: You evolve. [mutagenic meat]
 91059 | Depths:2 | Lost mutation: You expend magic power (3 MP) to strengthen your wands. [mutagenic meat]
 91060 | Depths:2 | Gained mutation: You are partially covered in thin metallic scales (AC +2). [mutagenic meat]
 91062 | Depths:2 | Gained mutation: You tend to lose your temper in combat. [mutagenic meat]
 91315 | Depths:3 | Lost mutation: You tend to lose your temper in combat. [mutagenic meat]
 91316 | Depths:3 | Gained mutation: You have hooves in place of feet. [mutagenic meat]
 91854 | Depths:3 | Noticed an ancient lich
 91862 | Depths:3 | Killed an ancient lich
 91880 | Depths:3 | Paralysed by a giant eyeball for 4 turns
 91905 | Depths:3 | Gained mutation: You are highly resistant to hostile enchantments. [mutagenic meat]
 91907 | Depths:3 | Gained mutation: Your body sometimes deteriorates upon taking damage. [mutagenic meat]
 91922 | Depths:3 | Got a bound amber ring
 91924 | Depths:3 | Identified the ring of Cioro {Int+5 Slay+6} (You found it on level 3 of the Depths)
 91930 | Depths:3 | Identified the Reference Book on Hurtful Feathers
 92051 | Depths:3 | Found a one-way gate to the infinite horrors of the Abyss.
 92051 | Depths:3 | Found a one-way gate leading to the halls of Pandemonium.
 92571 | Depths:4 | Lost mutation: You are robust (+10% HP). [mutagenic meat]
 92578 | Depths:4 | Gained mutation: Your body often deteriorates upon taking damage. [mutagenic meat]
 92582 | Depths:4 | Gained mutation: Your magical capacity is low (-10% MP). [mutagenic meat]
 92585 | Depths:4 | Lost mutation: Your magical capacity is low (-10% MP). [potion of cure mutation]
 92585 | Depths:4 | Lost mutation: Your flesh is cold resistant. [potion of cure mutation]
 92585 | Depths:4 | Lost mutation: You are occasionally teleported to nearby monsters. [potion of cure mutation]
 92585 | Depths:4 | Lost mutation: You evolve. [potion of cure mutation]
 92585 | Depths:4 | Lost mutation: You are dopey. (Int -2) [potion of cure mutation]
 92585 | Depths:4 | Lost mutation: Your body often deteriorates upon taking damage. [potion of cure mutation]
 92621 | Depths:4 | Lost mutation: You have hooves in place of feet. [mutagenic meat]
 92622 | Depths:4 | Gained mutation: Your spells are a little harder to cast, but a little more powerful. [mutagenic meat]
 92623 | Depths:4 | Gained mutation: You have hooves in place of feet. [mutagenic meat]
 93080 | Depths:4 | Noticed Margery
 93094 | Depths:4 | Killed Margery
 93483 | Depths:4 | Gained mutation: You are extremely resistant to the effects of hostile enchantments. [mutagenic meat]
 93858 | Depths:4 | You fall through a shaft!
 93858 | Depths:5 | Entered Level 5 of the Depths
 94226 | Depths:5 | Gained mutation: You are partially covered in molten scales (AC +1). [mutagenic meat]
 94251 | Depths:5 | Gained mutation: Scrolls take you a little longer to read. [mutagenic meat]
 94385 | Depths:5 | Found Emoypren's Food Emporium.
 94390 | Depths:5 | Identified the Volume of Excruciating Evil
 95047 | Depths:5 | Got a steaming battleaxe
 95095 | Depths:5 | Reached skill level 15 in Invocations
 95781 | Depths:5 | Found a gate to the Realm of Zot.
 95866 | Depths:5 | Lost mutation: Scrolls take you a little longer to read. [mutagenic meat]
 95867 | Depths:5 | Gained mutation: You are frail (-10% HP). [mutagenic meat]
 96183 | Hell     | Entered the Vestibule of Hell
 96183 | Hell     | Noticed Geryon
 96252 | Hell     | Gained mutation: You are very frail (-20% HP). [a cacodemon]
 96306 | Hell     | Killed Geryon
 96336 | Hell     | Reached skill level 27 in Dodging
 96414 | Hell     | Reached skill level 27 in Fighting
 96436 | Hell     | Reached skill level 1 in Axes
 96455 | Hell     | Found a gateway to the decaying netherworld of Tartarus.
 96505 | Hell     | Found a gateway to the ashen valley of Gehenna.
 96814 | Hell     | Found a gateway to the Iron City of Dis.
 96911 | Hell     | Found a gateway to the freezing wastes of Cocytus.
 97012 | Coc:1    | Entered Level 1 of Cocytus
 97055 | Coc:1    | Reached skill level 5 in Axes
 97318 | Coc:1    | Reached skill level 15 in Evocations
 98573 | Coc:1    | Reached skill level 10 in Axes
 99034 | Coc:2    | Gained mutation: You are weak. (Str -2) [mutagenic glow]
 99071 | Coc:2    | Gained mutation: You are extremely frail (-30% HP). [mutagenic glow]
101674 | Coc:5    | Reached skill level 15 in Axes
103295 | Coc:7    | Entered Level 7 of Cocytus
103809 | Coc:7    | Noticed Antaeus
103861 | Coc:7    | Killed Antaeus
103986 | Coc:7    | Got an icy rune of Zot
103990 | Coc:7    | Got a fine crystal amulet
103992 | Coc:7    | Identified the amulet of Keomasch {Spirit rF+ rN+} (You found it on level 7 of Cocytus)
104444 | Coc:7    | Got a clouded wooden ring
104461 | Coc:7    | Got a smoking glass ring
104463 | Coc:7    | Identified the ring "Xyghun" {Fire Str+7 Int+4} (You found it on level 7 of Cocytus)
104949 | Dis:1    | Entered Level 1 of the Iron City of Dis
109928 | Dis:7    | Entered Level 7 of the Iron City of Dis
111092 | Dis:7    | Identified the ring "Geett" {rC+ Int+3} (You took it off a skeletal warrior on level 7 of Cocytus)
111119 | Dis:7    | Identified the +8 battleaxe of Change {holy, Dex+2 SInv} (You took it off a white draconian on level 5 of the Depths)
111660 | Dis:7    | Noticed Dispater
111687 | Dis:7    | Killed Dispater
111770 | Dis:7    | Got an iron rune of Zot
111952 | Geh:1    | Entered Level 1 of Gehenna
112619 | Geh:1    | Found an ancient bone altar of Kikubaaqudgha.
114887 | Geh:7    | Entered Level 7 of Gehenna
116201 | Geh:7    | Noticed Asmodeus
116230 | Geh:7    | Killed Asmodeus
116377 | Geh:7    | Got a shimmering battleaxe
116381 | Geh:7    | Got a crude copper ring
116383 | Geh:7    | Identified the ring of Firul {MR++ MP+9 Str+3} (You found it on level 7 of Gehenna)
116390 | Geh:7    | Identified the Papyrus of Destructive Bewitchment
116415 | Geh:7    | Got an obsidian rune of Zot
116657 | Tar:1    | Entered Level 1 of Tartarus
117914 | Tar:7    | Entered Level 7 of Tartarus
118419 | Tar:7    | Noticed Ereshkigal
118530 | Tar:7    | Killed Ereshkigal
118659 | Tar:7    | Got a bone rune of Zot
119055 | Tar:7    | Reached skill level 27 in Invocations
119959 | Tar:7    | Got a smoking ruby amulet
119961 | Tar:7    | Identified the amulet "Roqeg" {Spirit Str+5} (You found it on level 7 of Tartarus)
119965 | Tar:7    | Identified Lee's Papyrus of Fiery Blows and Bruises
120220 | Zot:1    | Entered Level 1 of the Realm of Zot
120403 | Zot:2    | Got an ancient gossamer ring
120539 | Zot:2    | Lost mutation: Your body sometimes deteriorates upon taking damage. [mutagenic meat]
120959 | Zot:2    | Noticed an orb of fire
120996 | Zot:2    | Killed an orb of fire
121955 | Zot:1    | Reached skill level 1 in Throwing
122694 | Zot:2    | Lost mutation: You are clumsy. (Dex -2) [mutagenic meat]
122707 | Zot:2    | Reached skill level 1 in Spellcasting
122905 | Zot:3    | Lost mutation: You are partially covered in molten scales (AC +1). [mutagenic meat]
122906 | Zot:3    | Lost mutation: You are extremely frail (-30% HP). [mutagenic meat]
122907 | Zot:3    | Lost mutation: You are very frail (-20% HP). [mutagenic meat]
122908 | Zot:3    | Lost mutation: You are weak. (Str -2) [mutagenic meat]
123715 | Zot:4    | Gained mutation: Your magical capacity is low (-10% MP). [mutagenic meat]
123720 | Zot:4    | Identified the ring "Kosenue" {*Corrode +Fly rF+ Str+2} (You took it off a draconian shifter on level 2 of the Realm of Zot)
124135 | Zot:4    | Reached skill level 5 in Spellcasting
124256 | Zot:4    | Lost mutation: You are frail (-10% HP). [mutagenic meat]
124257 | Zot:4    | Lost mutation: You have hooves in place of feet. [mutagenic meat]
124259 | Zot:4    | Gained mutation: Potions and wands are less effective at restoring your health. [mutagenic meat]
124260 | Zot:4    | Lost mutation: You are extremely resistant to the effects of hostile enchantments. [mutagenic meat]
124385 | Zot:4    | Gained mutation: Your spells are harder to cast, but more powerful. [mutagenic meat]
124676 | Depths:5 | Gained mutation: Your muscles are strong. (Str +2) [mutagenic meat]
124747 | Depths:3 | Learned a level 1 spell: Apportation
125084 | Zot:4    | Reached skill level 1 in Translocations
125166 | Zot:4    | Learned a level 1 spell: Summon Butterflies
125170 | Zot:4    | Learned a level 3 spell: Tukima's Dance
125361 | Zot:5    | Entered Level 5 of the Realm of Zot
125533 | Zot:5    | Reached skill level 1 in Hexes
125533 | Zot:5    | Reached skill level 1 in Summonings
125993 | Zot:5    | Gained mutation: You have a pair of large horns on your head. [mutagenic meat]
125996 | Zot:5    | Gained mutation: Your spells are much harder to cast, but much more powerful. [mutagenic meat]
125997 | Zot:5    | Gained mutation: You have a beak for a mouth. [mutagenic meat]
126634 | Pan      | Entered Pandemonium
126634 | Pan      | Noticed Voskue the pandemonium lord
126637 | Pan      | Gained mutation: You are clumsy. (Dex -2) [a neqoxec]
126651 | Pan      | Killed Voskue the pandemonium lord
126679 | Pan      | Gained mutation: You are occasionally teleported to nearby monsters. [a neqoxec]
126683 | Pan      | Found an exit through the horrors of the Abyss.
126810 | Pan      | Got a warped flail
126811 | Pan      | Identified the +3 flail "Dragon's Death Toll" {flame, rF++ Int+4} (You acquired it in Pandemonium)
127644 | Pan      | Found a glowing silver altar of Zin.
127927 | Pan      | Got a brightly glowing large shield
127938 | Pan      | Identified the +2 large shield of Riopt {rC+} (You took it off a daeva in Pandemonium)
128110 | Pan      | Noticed a seraph
128160 | Pan      | Killed a seraph
128189 | Pan      | Found a glowing golden altar of the Shining One.
128228 | Pan      | Got a demonic rune of Zot
128235 | Pan      | Got a brightly glowing cloak
128248 | Pan      | Identified the +1 cloak of Sorcery {*Corrode +Blink rCorr Str+2} (You found it in Pandemonium)
128263 | Pan      | Got an ancient granite ring
128265 | Pan      | Identified the ring of Iwuneubunk {SustAt rElec SInv} (You found it in Pandemonium)
128278 | Pan      | Identified Leibaf's Grimoire of Cold
128803 | Pan      | Found a white marble altar of Elyvilon.
128832 | Pan      | Reached skill level 5 in Translocations
128843 | Pan      | Reached skill level 5 in Summonings
129367 | Pan      | Got a slimy cloak
129378 | Pan      | Identified the +4 cloak "Ciomeh" {Dex+2 Stlth+} (You found it in Pandemonium)
129571 | Pan      | Found an exit through the horrors of the Abyss.
129876 | Pan      | Reached skill level 5 in Hexes
129912 | Pan      | Noticed Xobu the pandemonium lord
129919 | Pan      | Killed Xobu the pandemonium lord
130033 | Pan      | Reached skill level 10 in Spellcasting
130244 | Pan      | Found an exit through the horrors of the Abyss.
130354 | Pan      | Noticed Kuqut the pandemonium lord
130368 | Pan      | Killed Kuqut the pandemonium lord
130430 | Pan      | Gained mutation: Scrolls take you a little longer to read. [a neqoxec]
130431 | Pan      | Gained mutation: Potions and wands are poor at restoring your health. [a neqoxec]
130432 | Pan      | Lost mutation: Your spells are much harder to cast, but much more powerful. [a neqoxec]
130524 | Pan      | Found an exit through the horrors of the Abyss.
130531 | Pan      | Found a gateway to a ziggurat.
130560 | Pan      | Took an exit into the Abyss.
130560 | Abyss:1  | Escaped into the Abyss
130840 | Depths:5 | Escaped the Abyss
131123 | D:13     | Bought a meat ration for 55 gold pieces
131123 | D:13     | Bought a meat ration for 55 gold pieces
131123 | D:13     | Bought a royal jelly for 22 gold pieces
131123 | D:13     | Bought a slice of pizza for 16 gold pieces
131123 | D:13     | Bought a bread ration for 55 gold pieces
131123 | D:13     | Bought a slice of pizza for 16 gold pieces
131123 | D:13     | Bought a bread ration for 55 gold pieces
131167 | D:13     | Bought a meat ration for 50 gold pieces
131167 | D:13     | Bought a beef jerky for 15 gold pieces
131167 | D:13     | Bought 2 fruits for 30 gold pieces
131167 | D:13     | Bought a slice of pizza for 15 gold pieces
131167 | D:13     | Bought a slice of pizza for 15 gold pieces
131167 | D:13     | Bought a meat ration for 50 gold pieces
131167 | D:13     | Bought a slice of pizza for 15 gold pieces
131167 | D:13     | Bought a bread ration for 50 gold pieces
131167 | D:13     | Bought 2 fruits for 30 gold pieces
131167 | D:13     | Bought a meat ration for 50 gold pieces
131167 | D:13     | Bought 4 fruits for 60 gold pieces
131285 | D:15     | Lost mutation: Your muscles are strong. (Str +2) [mutagenic meat]
131286 | D:15     | Lost mutation: Scrolls take you a little longer to read. [mutagenic meat]
131287 | D:15     | Lost mutation: You are occasionally teleported to nearby monsters. [mutagenic meat]
131288 | D:15     | Lost mutation: Your magical capacity is low (-10% MP). [mutagenic meat]
131289 | D:15     | Gained mutation: Your spells are much harder to cast, but much more powerful. [mutagenic meat]
131388 | Pan      | Entered Pandemonium
131940 | Pan      | Noticed Qailiaz the pandemonium lord
131950 | Pan      | Killed Qailiaz the pandemonium lord
132344 | Pan      | Noticed Yriruzui the pandemonium lord
132351 | Pan      | Paralysed by a giant eyeball for 2 turns
132362 | Pan      | Killed Yriruzui the pandemonium lord
132687 | Pan      | Found an exit through the horrors of the Abyss.
132854 | Pan      | Entered the realm of Mnoleg.
132878 | Pan      | Lost mutation: Your spells are much harder to cast, but much more powerful. [a cacodemon]
132947 | Pan      | Gained mutation: You are dopey. (Int -2) [a neqoxec]
133159 | Pan      | Found an exit through the horrors of the Abyss.
133168 | Pan      | Lost mutation: Your spells are harder to cast, but more powerful. [a cacodemon]
133241 | Pan      | Gained mutation: You expend magic power (3 MP) to strengthen your wands. [a neqoxec]
133244 | Pan      | Lost mutation: Your spells are a little harder to cast, but a little more powerful. [a neqoxec]
133247 | Pan      | Gained mutation: You are extremely resistant to the effects of hostile enchantments. [a neqoxec]
133247 | Pan      | Paralysed by a giant eyeball for 2 turns
133374 | Pan      | Gained mutation: Potions and wands cannot restore your health. [a cacodemon]
133403 | Pan      | Lost mutation: You are dopey. (Int -2) [mutagenic meat]
133407 | Pan      | Gained mutation: Your mind is acute. (Int +2) [mutagenic meat]
133409 | Pan      | Lost mutation: You have hoof-like feet. [mutagenic meat]
133410 | Pan      | Lost mutation: You have a pair of large horns on your head. [mutagenic meat]
133411 | Pan      | Lost mutation: You have large cloven feet. [mutagenic meat]
133441 | Pan      | Noticed Mnoleg
133446 | Pan      | Lost mutation: Potions and wands cannot restore your health. [a neqoxec]
133464 | Pan      | Killed Mnoleg
133530 | Pan      | Gained mutation: You occasionally shout uncontrollably at your foes. [a neqoxec]
133538 | Pan      | Got a glowing rune of Zot
133574 | Pan      | Lost mutation: Your mind is acute. (Int +2) [mutagenic meat]
133575 | Pan      | Gained mutation: You have a pair of large horns on your head. [mutagenic meat]
133576 | Pan      | Lost mutation: You have a pair of large horns on your head. [mutagenic meat]
133577 | Pan      | Gained mutation: You are occasionally teleported to nearby monsters. [mutagenic meat]
133578 | Pan      | Lost mutation: You expend magic power (3 MP) to strengthen your wands. [mutagenic meat]
133579 | Pan      | Lost mutation: You are clumsy. (Dex -2) [mutagenic meat]
133580 | Pan      | Lost mutation: You occasionally shout uncontrollably at your foes. [mutagenic meat]
133582 | Pan      | Gained mutation: You are agile. (Dex +2) [mutagenic meat]
133583 | Pan      | Lost mutation: You are partially covered in thin metallic scales (AC +2). [mutagenic meat]
133585 | Pan      | Gained mutation: You have a pair of large horns on your head. [mutagenic meat]
133586 | Pan      | Gained mutation: You are partially covered in iridescent scales (AC +4). [mutagenic meat]
133589 | Pan      | Gained mutation: Your body sometimes deteriorates upon taking damage. [mutagenic meat]
133691 | Pan      | Lost mutation: You are agile. (Dex +2) [a cacodemon]
133755 | Pan      | Gained mutation: You are weak. (Str -2) [a neqoxec]
134019 | Pan      | Found a huge runed gate.
134020 | Pan      | Found a huge runed gate.
134021 | Pan      | Found a huge runed gate.
134021 | Pan      | Found a huge runed gate.
134021 | Pan      | Found a huge runed gate.
134021 | Pan      | Found a huge runed gate.
134022 | Pan      | Found a huge runed gate.
134022 | Pan      | Found a huge runed gate.
134023 | Pan      | Found a huge runed gate.
134023 | Pan      | Found a huge runed gate.
134023 | Pan      | Found a huge runed gate.
134023 | Pan      | Found a huge runed gate.
134023 | Pan      | Found a huge runed gate.
134024 | Pan      | Found a huge runed gate.
134024 | Pan      | Found a huge runed gate.
134026 | Pan      | Found a huge runed gate.
134026 | Pan      | Found a huge runed gate.
134030 | Pan      | Noticed Ojutohuu the pandemonium lord
134030 | Pan      | Gained mutation: Potions and wands cannot restore your health. [a cacodemon]
134280 | Pan      | Gained mutation: You are frail (-10% HP). [a neqoxec]
134363 | Pan      | Noticed Fymasma the pandemonium lord
134391 | Pan      | Killed Fymasma the pandemonium lord
134421 | Pan      | Gained mutation: You are dopey. (Int -2) [a neqoxec]
134672 | Pan      | Lost mutation: You are frail (-10% HP). [potion of cure mutation]
134672 | Pan      | Lost mutation: You are dopey. (Int -2) [potion of cure mutation]
134672 | Pan      | Lost mutation: Your body sometimes deteriorates upon taking damage. [potion of cure mutation]
134672 | Pan      | Lost mutation: You are extremely resistant to the effects of hostile enchantments. [potion of cure mutation]
134672 | Pan      | Lost mutation: You have a pair of large horns on your head. [potion of cure mutation]
134673 | Pan      | Lost mutation: You are weak. (Str -2) [potion of cure mutation]
134673 | Pan      | Lost mutation: You are highly resistant to hostile enchantments. [potion of cure mutation]
134673 | Pan      | Lost mutation: Potions and wands cannot restore your health. [potion of cure mutation]
134673 | Pan      | Lost mutation: Potions and wands are poor at restoring your health. [potion of cure mutation]
134938 | Pan      | Noticed Keustafi the pandemonium lord
134944 | Pan      | Got an ivory morningstar
134954 | Pan      | Killed Keustafi the pandemonium lord
134957 | Pan      | Identified the +4 morningstar of Embarrassment {freeze, Int+5 Dex+3} (You took it off an infernal demonspawn in Pandemonium)
135117 | Pan      | Found an exit through the horrors of the Abyss.
135127 | Pan      | Noticed Vomupt the pandemonium lord
135180 | Pan      | Found an exit through the horrors of the Abyss.
135372 | Pan      | Noticed Yfrejysio the pandemonium lord
135394 | Pan      | Killed Yfrejysio the pandemonium lord
135463 | Pan      | Entered the realm of Gloorx Vloq.
135576 | Pan      | Found an exit through the horrors of the Abyss.
136294 | Pan      | Noticed Gloorx Vloq
136308 | Pan      | Killed Gloorx Vloq
136367 | Pan      | Got a dark rune of Zot
136636 | Pan      | Found an exit through the horrors of the Abyss.
136688 | Pan      | Entered the realm of Lom Lobon.
136735 | Pan      | Found an exit through the horrors of the Abyss.
136870 | Pan      | Lost mutation: Potions and wands are less effective at restoring your health. [potion of cure mutation]
136870 | Pan      | Lost mutation: You are resistant to hostile enchantments. [potion of cure mutation]
136870 | Pan      | Lost mutation: You are partially covered in iridescent scales (AC +4). [potion of cure mutation]
136870 | Pan      | Lost mutation: You have a beak for a mouth. [potion of cure mutation]
137018 | Pan      | Noticed Lom Lobon
137031 | Pan      | Killed Lom Lobon
137252 | Pan      | Got a magical rune of Zot
137356 | Pan      | Reached skill level 27 in Evocations
137526 | Pan      | Reached skill level 10 in Translocations
137828 | Pan      | Reached skill level 10 in Summonings
138197 | Pan      | Found a gateway to a ziggurat.
138208 | Pan      | Learned a level 3 spell: Static Discharge
138361 | Pan      | Noticed Vicweidd the pandemonium lord
138375 | Pan      | Killed Vicweidd the pandemonium lord
138375 | Pan      | Reached skill level 1 in Conjurations
138375 | Pan      | Reached skill level 1 in Air Magic
138482 | Pan      | Noticed an ancient lich
138702 | Pan      | Learned a level 5 spell: Lightning Bolt
138708 | Pan      | Learned a level 5 spell: Fireball
138725 | Pan      | Learned a level 9 spell: Shatter
138735 | Pan      | Learned a level 9 spell: Tornado
138846 | Pan      | Found a runed door.
139109 | Pan      | Reached skill level 1 in Earth Magic
139113 | Pan      | Noticed Vichaczuce the pandemonium lord
139129 | Pan      | Killed Vichaczuce the pandemonium lord
139144 | Pan      | Reached skill level 1 in Fire Magic
139185 | Pan      | Lost mutation: You are occasionally teleported to nearby monsters. [potion of cure mutation]
139284 | Pan      | Noticed Mywoot the pandemonium lord
139317 | Pan      | Killed Mywoot the pandemonium lord
139400 | Pan      | Entered the realm of Cerebov.
139418 | Pan      | Found an exit through the horrors of the Abyss.
140210 | Pan      | Noticed Cerebov
140272 | Pan      | Killed Cerebov
140288 | Pan      | Got a fiery rune of Zot
140419 | Pan      | Identified the Grimoire of the Shifting Glacier (You found it in Pandemonium)
140423 | Pan      | Learned a level 2 spell: Throw Frost
140425 | Pan      | Learned a level 1 spell: Freeze
140429 | Pan      | Learned a level 3 spell: Passwall
140435 | Pan      | Learned a level 5 spell: Metabolic Englaciation
140441 | Pan      | Learned a level 1 spell: Beastly Appendage
140447 | Pan      | Learned a level 4 spell: Ice Form
140520 | Pan      | Took an exit into the Abyss.
140520 | Abyss:1  | Escaped into the Abyss
140533 | Abyss:1  | Gained mutation: You are dopey. (Int -2) [mutagenic meat]
140534 | Abyss:1  | Gained mutation: Armour fits poorly on your strangely shaped body. [mutagenic meat]
140535 | Abyss:1  | Gained mutation: You tend to lose your temper in combat. [mutagenic meat]
140536 | Abyss:1  | Gained mutation: You are robust (+10% HP). [mutagenic meat]
140537 | Abyss:1  | Gained mutation: Your spells are a little harder to cast, but a little more powerful. [mutagenic meat]
140538 | Abyss:1  | Lost mutation: You are robust (+10% HP). [potion of cure mutation]
140538 | Abyss:1  | Lost mutation: Armour fits poorly on your strangely shaped body. [potion of cure mutation]
140538 | Abyss:1  | Lost mutation: Your spells are a little harder to cast, but a little more powerful. [potion of cure mutation]
140538 | Abyss:1  | Lost mutation: You are dopey. (Int -2) [potion of cure mutation]
140589 | Depths:3 | Escaped the Abyss
140745 | Zot:3    | Reached skill level 1 in Transmutations
140897 | Zot:5    | Reached skill level 1 in Ice Magic
140935 | Zot:5    | Reached skill level 15 in Spellcasting
141026 | Zot:5    | Noticed an orb of fire
141037 | Zot:5    | Gained mutation: You often lose your temper in combat. [an orb of fire]
141042 | Zot:5    | Killed an orb of fire
141042 | Zot:5    | Reached skill level 10 in Hexes
141055 | Zot:5    | Reached skill level 5 in Earth Magic
141148 | Zot:5    | Got the Orb of Zot
141156 | Zot:5    | Noticed an orb of fire
141157 | Zot:5    | Gained mutation: Scrolls take you a little longer to read. [an orb of fire]
141167 | Zot:5    | Killed an orb of fire
141465 | Depths:1 | Noticed Plog the pandemonium lord
141482 | Depths:1 | Killed Plog the pandemonium lord
141641 | D:11     | Noticed Deyn the pandemonium lord
141848 | D:1      | Noticed Parako the pandemonium lord
141851 | D:1      | Killed Parako the pandemonium lord
141882 | D:$      | Escaped with the Orb!

Vault maps used:
D:1:      tarquinn_simple_flora_water_b, minmay_misc_feat_nine_boxes
D:2:      first_bread
D:5:      due_unseen_surprise
D:6:      kennysheep_mini, minivault_11
D:7:      nicolae_whirlpool
D:8:      amethyst_overflow_temple_binary, enter_ossuary_4, hangedman_ranch,
          hangedman_decor_push
D:9:      minmay_klotski, lemuel_mausoleum_altar_yredelemnul, uniq_joseph
D:10:     due_lair_maze_entry_diamond, nicolae_trove_entry_columns
D:11:     serial_shops, shop, minmay_statue_bubble
D:12:     orc_david_3, uniq_fannar
D:13:     david_vaults_3, serial_shops, shop, shop, shop, shop_statue,
          fedhas_altar_fruit_tree, uniq_frances
D:14:     minivault_23, uniq_louise, uniq_sonja, uniq_agnes, uniq_roxanne
D:15:     grunt_enter_depths_snipers, serial_park_gazebo, lab_entry_generic
Temple:   lightli_temple_of_artemis
Lair:1:   grunt_megastairs_4, uniq_gastronok
Lair:3:   minmay_snake_entry_guardpost_small
Lair:4:   lemuel_fruit_tree, lemuel_fruit_fields, infiniplex_staircase_pool
Lair:5:   minmay_shoals_entry_hut, uniq_rupert
Lair:6:   minmay_slime_entry_oklob_open, nicolae_volcano_entry_vermiform
Lair:7:   grunt_forest_stairs_clearing
Lair:8:   evilmike_catoblepas_cave
Shoals:1: serial_shops, shop, abandoned_shop
Shoals:2: portal_ice_cave_entry_ice_beasts
Shoals:3: uniq_nikola
Shoals:4: shoals_end_hangedman, shoals_ilsuiw_alternative, uniq_kirke,
          uniq_jorgrun, uniq_aizul
Snake:1:  serial_shops, shop
Snake:2:  serial_shops, shop_scrolls, uniq_vashnia
Snake:3:  nicolae_snake_horde_hoard
Snake:4:  snake_pit, nrook_guardian_serpent_ordinary
Slime:1:  cheibrodos_slime_lost_civilization_5
Slime:2:  nicolae_slime_welcoming_committee
Orc:1:    serial_shops, shop, shop, shop, lemuel_statue_altar
Orc:3:    serial_shops, shop, nicolae_orc_pool_cavern, minmay_orc_treasury,
          uniq_josephine, uniq_urug
Orc:4:    st_orc_elflike, uniq_nessos
Elf:1:    serial_shops, nicolae_shop_crystal, nicolae_shop_crystal, shop,
          basic_altar, kennysheep_underground_church, spider_trap,
          onia_ninara_cookie
Elf:2:    serial_shops, nicolae_shop_crystal, hangedman_elven_pyramids
Elf:3:    minmay_elf_hall_hex, serial_shops, nicolae_shop_crystal,
          guppyfry_elf_altar
Vaults:1: ontoclasm_vaults_claustrophobia, nicolae_vaults_mini_display_case,
          hangedman_vaults_slice, vaults_mumra_minichess_inversion,
          nicolae_vaults_big_angled_halls, v_misc_19, v_misc_26,
          hangedman_vaults_maws, hangedman_vaults_trim, nicolae_vaults_theta,
          ontoclasm_vaults_hangar, ontoclasm_vaults_ligature,
          vaults_room_ringed_pool, serial_shops, shop
Vaults:2: v_misc_31, v_misc_17, ontoclasm_vaults_gallery, grunt_vaults_swirl,
          minmay_crypt_entry_vampire_xt, ontoclasm_vaults_decontamination,
          hangedman_vaults_pinch, v_misc_3, v_misc_14,
          nicolae_vaults_yaktaur_gun_rack, v_misc_14, v_misc_11, uniq_frederick
Vaults:3: v_misc_17, st_smaller_cells, hangedman_vaults_maws,
          nicolae_vaults_ninety_degrees, v_misc_27, nicolae_vaults_what_the_h,
          nicolae_vaults_border_crossing, uniq_wiglaf, uniq_xtahua
Vaults:4: hangedman_vaults_stretched_pinwheel, v_misc_26,
          ontoclasm_vaults_fault, st_greater_box_3, v_rooms_2, v_misc_24,
          ontoclasm_vaults_misaligned, vaults_mumra_chevron, v_pattern_4,
          grunt_vaults_funnel, nicolae_vaults_little_squares_2, v_misc_15,
          uniq_mara
Vaults:5: serial_shops
Crypt:2:  nicolae_crypt_ancient_font
Crypt:3:  evilmike_haunted_forest
Tomb:2:   uniq_mennas, uniq_boris
Depths:1: enter_ziggurat_c, serial_shops, freezing_bzr,
          minmay_misc_feat_columns, hell_entry, spider_trap,
          minmay_misc_feat_alley, st_stairs_7, minmay_misc_feat_roman,
          nemelex_deck
Depths:2: minmay_expanding_circles, serial_shops,
          nicolae_shop_overgrown_old_shop, hangedman_abyss_or_decor_stabs,
          pf_hell_entry_tar_spiral, grunt_megastairs_2,
          hangedman_decor_cross_pass
Depths:3: hangedman_pleasuredromes, abyss_entry, hell_entry, pan_entry
Depths:4: cell_vault, grunt_metal_band, hangedman_abyss_entry_splay,
          roderic_lattice_a, pan_entry, infiniplex_staircase_squiggle
Depths:5: lemuel_castle_with_subvaults, grunt_pan_entry_in_and_out,
          pf_vacation_house_of_asmodeus, serial_shops, shop,
          corexii_leaking_fountain, grunt_ministairs_13, uniq_margery
Dis:7:    dis_hangedman
Geh:1:    lemuel_hellish_altar
Geh:2:    hangedman_generic_boss_arena
Geh:4:    grunt_megastairs_3
Geh:7:    geh_mu
Coc:1:    grunt_deathspiral_small
Coc:2:    serial_ice
Coc:5:    ice2_lemuel
Coc:7:    coc_hangedman
Tar:6:    nicolae_tar_cuneiform_three
Tar:7:    tar_mu
Zot:2:    grunt_zot_stairs_mandelzot
Zot:3:    hangedman_zot_decor_checkerboard
Zot:4:    st_stairs_4
Zot:5:    grunt_ministairs_12, st_stairs_8, lemuel_golem_globe
Abyss:1:  evilmike_abyss_exit_chaos, hangedman_abyss_exit_choices, minivault_4
Abyss:2:  bh_abyss_xom_lugonu_altar, guppyfry_abyss_exit_imp_island
Abyss:3:  hangedman_abyss_or_decor_passed, serial_sigils_hangedman_shear,
          hangedman_abyss_rune_macabre_mess
Abyss:4:  minivault_4, grunt_abyss_rune_twisted_forest
Pan:      evilmike_mini_pan_diamond, evilmike_holy_pan, grunt_pan_in_and_out,
          rand_demon_4, pan_blood_fountain, lemuel_hellion_island,
          enter_ziggurat_pan_b, evilmike_mini_pan_possible_glass,
          pan_blood_fountain_small, evilmike_mini_pan_V, pan_blood_fountain,
          grunt_pan_zigzag, evilmike_mini_pan_diamond, evilmike_mini_pan_3x3,
          pan_blood_fountain_small, nicolae_pan_mnolegish_4,
          evilmike_mini_pan_doors_b, rand_demon_4, evilmike_mini_pan_layers,
          pan_blood_fountain, rand_demon_4, nicolae_pan_mnolegish_5,
          mnoleg_grunt, evilmike_mini_pan_murderfest, nicolae_pan_hourglass,
          evilmike_mini_pan_doors_b, pan_blood_fountain_small,
          evilmike_mini_pan_pillars_b, lemuel_draining_boxes,
          nicolae_pan_diamonds, evilmike_mini_pan_possible_glass,
          pan_blood_fountain, nicolae_pan_cerebovesque_1, gloorx_vloq_st,
          nicolae_pan_sigil_nadil, evilmike_mini_pan_possible_glass,
          nicolae_pan_gloorx_vloqian_2, lom_lobon_spiral_st, pan_blood_fountain,
          grunt_pan_zigzag, enter_ziggurat_pan_a, reaverb_pan_figure_eight,
          nicolae_pan_gloorx_vloqian_2, grunt_pan_frozen_over,
          evilmike_mini_pan_thingy, grunt_pan_spiral, enter_ziggurat_pan_d,
          pan_blood_fountain_2, nicolae_pan_sigil_itan,
          nicolae_pan_lom_lobonic_4, rand_demon_9, pan_disco_hall,
          nicolae_pan_lom_lobonic_4, rand_demon_3, evilmike_cerebov_lava,
          pan_blood_fountain_small
Lab:      labyrinth_spiral, lab_fountain, labyrinth_fake_exit, nicolae_lab_lava,
          labyrinth_skeletal_remains, nicolae_lab_arrow, labyrinth_lava_lair
Bazaar:   bazaar_jpeg_circle_common
Trove:    trove_library
Ossuary:  ossuary_minmay_scorpions
IceCv:    ice_cave_small_demon
Volcano:  volcano_lake

Action                   |  1- 3 |  4- 6 |  7- 9 | 10-12 | 13-15 | 16-18 | 19-21 | 22-24 | 25-27 || total
-------------------------+-------+-------+-------+-------+-------+-------+-------+-------+-------++-------
Melee: Flail             |    89 |    90 |       |       |       |       |       |       |  1858 ||  2037
       Mace              |       |    42 |   352 |   368 |       |       |       |       |       ||   762
       Demon whip        |       |       |       |   348 |  1651 |  2149 |  2478 |  2400 |  1888 || 10914
       Unarmed           |       |       |       |       |       |       |    14 |       |    24 ||    38
       Sacred scourge    |       |       |       |       |       |       |       |       | 12003 || 12003
       War axe           |       |       |       |       |       |       |       |       |   323 ||   323
Invok: Heroism           |       |       |       |     5 |    18 |    18 |    10 |    16 |     8 ||    75
       Finesse           |       |       |       |       |     8 |    15 |    10 |    13 |     6 ||    52
       Divine Shield     |       |       |       |       |       |       |       |       |   133 ||   133
       Cleansing Flame   |       |       |       |       |       |       |       |       |    67 ||    67
       Summon Divine War |       |       |       |       |       |       |       |       |    25 ||    25
 Abil: Spit Poison       |       |       |       |       |       |     1 |       |       |       ||     1
       Evoke Flight      |       |       |       |       |       |       |     1 |       |    27 ||    28
       Breathe Fire      |       |       |       |       |       |       |       |     2 |       ||     2
       Evoke Blink       |       |       |       |       |       |       |       |       |     4 ||     4
       Stop Flying       |       |       |       |       |       |       |       |       |     3 ||     3
Evoke: Wand              |       |       |       |       |     1 |   130 |       |    12 |   119 ||   262
  Use: Scroll            |     5 |     6 |     9 |     8 |    13 |    16 |     9 |    13 |    69 ||   148
       Potion            |     2 |     6 |     7 |     2 |     6 |     2 |    11 |     8 |    53 ||    97
 Stab: Petrifying        |       |       |       |       |       |       |       |     4 |       ||     4
       Distracted        |       |       |       |       |       |       |       |     1 |     3 ||     4
       Confused          |       |       |       |       |       |       |       |       |     2 ||     2
  Eat: Chunk             |       |    16 |    16 |    18 |    46 |    26 |    45 |    74 |   209 ||   450
       Bread ration      |       |       |       |     1 |     1 |       |       |     1 |    21 ||    24
       Beef jerky        |       |       |       |       |       |     1 |     7 |     1 |     9 ||    18
       Royal jelly       |       |       |       |       |       |     1 |       |     1 |     4 ||     6
       Fruit             |       |       |       |       |       |    20 |    17 |     6 |    37 ||    80
       Meat ration       |       |       |       |       |       |       |     2 |     6 |    29 ||    37
       Pizza             |       |       |       |       |       |       |       |       |    19 ||    19
